Workbook
Name Период: #REF!

Sheet Титульный
A1: SHABLON.TSO.2021
A2: Версия 20.0.1
B4: Информация о плате за техприсоединение к электросетям
B6: Наименование организации | C6: АО "Энергосетевая компания ЧТПЗ" - филиал в г. Первоуральск
B7: ИНН | C7: 7449045730
B8: КПП | C8: 744901001
B9: Наименование (описание) обособленного подразделения
B10: Организационно-правовая форма | C10: Акционерное общество
B11: Вид деятельности | C11: Передача электроэнергии, технологическое присоединение
B12: Период | C12: 2020
C13: Адрес регулируемой организации
B14: Юридический адрес | C14: 623112, Россия, Свердловская обл.,г.Первоуральск, ул. Торговая д.1
B15: Почтовый адрес | C15: 623112, Россия, Свердловская обл.,г.Первоуральск, ул. Торговая д.1
C16: Руководитель
B17: Фамилия, имя, отчество | C17: Камилянов Эдуард Альбертович
B18: Телефон | C18: (3439) 27-69-77
C19: Ответственный за предоставление информации (от регулируемой организации)
B20: Фамилия, имя, отчество | C20: Новоселов Никита Андреевич
B21: Должность | C21: Начальник службы по развитию и реализации услуг
B22: Контактный телефон | C22: (351) 259-03-76
B23: e-mail | C23: nikita.novoselov@chelpipe.ru

Sheet Инструкция
B2: Инструкция по заполнению приложений, направленных письмом Региональной энергетической комиссии Свердловской области (далее – РЭК Свердловской области), разработанных в соответствии с методическими указаниями по определению размера платы за технологическое присоединение к электрическим сетям, утвержденными приказом ФАС России от 29.08.2017 № 1135/17
B3: 1. Ячейки голубого цвета подлежат обязательному заполнению территориальной сетевой организацией (далее – ТСО), ячейки желтого цвета предназначены для заполнения ТСО, ячейки зеленого цвета не подлежат заполнению.
B4: ="2. Показатели в приложениях 1.1, 1.2, 2.1, 2.2, 2.3, 3.1, 3.2, 5.1.1., 5.1.2., 5.1.3., 5.2.1., 5.2.2., 5.2.3. заполняются по заключенным договорам об осуществлении технологического присоединения к электрическим сетям ТСО (далее − Договор) "&"по введенным в эксплуатацию объектам электросетевого хозяйства ТСО за периоды "&IF(Титульный!C12="","--- выберите период на листе Титульный.",(Титульный!C12-3)&", "&(Титульный!C12-2)&", "&(Титульный!C12-1)&" годы.") -> 2. Показатели в приложениях 1.1, 1.2, 2.1, 2.2, 2.3, 3.1, 3.2, 5.1.1., 5.1.2., 5.1.3., 5.2.1., 5.2.2., 5.2.3. заполняются по заключенным договорам об осуществлении технологического присоединения к электрическим сетям ТСО (далее − Договор) по введенным в эксплуатацию объектам электросетевого хозяйства ТСО за периоды 2017, 2018, 2019 годы.
B5: ="3. Показатели в приложениях 1.1, 1.2, 2.1, 2.2, 2.3, 5.1.1., 5.1.2., 5.1.3., 5.2.1., 5.2.2., 5.2.3. заполняются раздельно для территорий городских населенных пунктов и для территорий, " & "не относящихся к городским населенным пунктам." -> 3. Показатели в приложениях 1.1, 1.2, 2.1, 2.2, 2.3, 5.1.1., 5.1.2., 5.1.3., 5.2.1., 5.2.2., 5.2.3. заполняются раздельно для территорий городских населенных пунктов и для территорий, не относящихся к городским населенным пунктам.
B6: ="4. В случае если ТСО за периоды " &IF(Титульный!C12="","--- выберите период на листе Титульный --- ",(Титульный!C12-3)&", "&(Титульный!C12-2)&", "&(Титульный!C12-1)&" годы ") & "осуществляла деятельность по технологическому присоединению раздельно по постоянной и временной схеме, необходимо дополнительно представить в РЭК Свердловской области информацию о расходах за периоды " &IF(Титульный!C12="","--- выберите период на листе Титульный ---",(Титульный!C12-3)&", "&(Титульный!C12-2)&", "&(Титульный!C12-1)&" годы") & " для установления РЭК Свердловской области стандартизированной тарифной ставки С1, ставки за единицу максиальной мощности C1maxN, раздельно для постоянной и для временной схемы." -> 4. В случае если ТСО за периоды 2017, 2018, 2019 годы осуществляла деятельность по технологическому присоединению раздельно по постоянной и временной схеме, необходимо дополнительно представить в РЭК Свердловской области информацию о расходах за периоды 2017, 2018, 2019 годы для установления РЭК Свердловской области стандартизированной тарифной ставки С1, ставки за единицу максиальной мощности C1maxN, раздельно для постоянной и для временной схемы.
B7: 5. Приложение 4 к Методическим указаниям по определению размера платы за технологическое присоединение к электрическим сетям, утвержденным приказом ФАС России от 29.08.2017 № 1135/17 заполняется РЭК Свердловской области и не подлежит заполнению ТСО.
B9: I. Заполнение приложений 1.1, 1.2.
B10: 1) Приложение 1.1 заполняется для территорий городских населенных пунктов.
B11: 2) Приложение 1.2 заполняется для территорий, не относящихся к городским населенным пунктам.
B12: 3) В графе 2 указано наименование объекта электросетевого хозяйства/средства коммерческого учета электрической энергии (мощности), введенного в эксплуатацию (наименование мероприятия, выполненного ТСО в соответствии с выданными техническими условиями).
B13: 4) В графе 3 указывается уровень напряжения, соответствующий уровню напряжения объекта электросетевого хозяйства/средства коммерческого учета электрической энергии (мощности), введенного в эксплуатацию (наименование мероприятия, выполненного ТСО в соответствии с выданными техническими условиями).
B14: 5) В графе 4 указывается протяженность воздушной или кабельной линий электропередачи (далее – ЛЭП) в километрах по трассе (без учета количества кабелей (проводов) в линии), а также количество пунктов секционирования и точек учета электрической энергии (мощности) в штуках.
B15: 6) В графе 5 указывается размер присоединенной максимальной мощности энергопринимающего устройства заявителя согласно Договору.
B16: 8) В графе 6 указываются расходы на строительство введенных в эксплуатацию объектов электросетевого хозяйства ТСО, а также на обеспечение средствами коммерческого учета электрической энергии (мощности), в соответствии с учетной политикой ТСО (например: стоимость принимаемых основных фондов согласно формам КС-14, КС-11).
B17: 9) В графах 4,6,8,10,12,14,16,18 указывается размерность показателей с учётом обязательного заполнения трех знаков после запятой
B18: 10) Графы 15-18 заполняются ТСО только в случае, если за 3 предыдущих года ТСО не осуществлялось обеспечение средствами коммерческого учета электрической энергии (мощности), в отношении которых устанавливаются стандартизированные тарифные ставки, по планируемым расходам, определенным по сметам, выполенным с применением сметных нормативов.
B19: ="11) За периоды " &IF(Титульный!C12="","--- выберите период на листе Титульный --- ",(Титульный!C12-3)&", "&(Титульный!C12-2)&", "&(Титульный!C12-1)&" годы ") & "всем ТСО необходимо представить в РЭК Свердловской области документы, подтверждающие расходы, на выполнение мероприятий по строительству объектов электросетевого хозяйства ТСО, а также на обеспечение средствами коммерческого учета электрической энергии." -> 11) За периоды 2017, 2018, 2019 годы всем ТСО необходимо представить в РЭК Свердловской области документы, подтверждающие расходы, на выполнение мероприятий по строительству объектов электросетевого хозяйства ТСО, а также на обеспечение средствами коммерческого учета электрической энергии.
B21: II. Заполнение приложений 2.1, 2.2, 2.3.
B22: ="1) Приложение 2.1 заполняется за " &IF(Титульный!C12="","--- выберите период на листе Титульный.",(Титульный!C12-3)&" год.") -> 1) Приложение 2.1 заполняется за 2017 год.
B23: ="2) Приложение 2.2 заполняется за " &IF(Титульный!C12="","--- выберите период на листе Титульный.",(Титульный!C12-2)&" год.") -> 2) Приложение 2.2 заполняется за 2018 год.
B24: ="3) Приложение 2.3 заполняется за " &IF(Титульный!C12="","--- выберите период на листе Титульный.",(Титульный!C12-1)&" год.") -> 3) Приложение 2.3 заполняется за 2019 год.
B25: 4) В графах 3-6 пунктов 1,3 указываются расходы ТСО на выполнение мероприятий по подготовке и выдаче технических условий заявителю в тыс. рублей.
B26: 5) В графах 3-6 пунктов 2,4 указываются расходы ТСО на выполнение мероприятий по проверке сетевой организацией выполнения заявителем технических условий в тыс. рублей.
B27: 6) В графах 8-11 пунктов 1,2,3,4 указывается количество технологических присоединений в соответствии с Договорами.
B28: 7) В графах 13-16 пунктов 1,2,3,4 указывается объем присоединенной максимальной мощности в соответствии с Договорами.
B29: ="8) За периоды " &IF(Титульный!C12="","--- выберите период на листе Титульный --- ",(Титульный!C12-3)&", "&(Титульный!C12-2)&", "&(Титульный!C12-1)&" годы ") & "всем ТСО необходимо представить в РЭК Свердловской области документы, подтверждающие расходы, количество техприсоединений, объем максимальной мощности." -> 8) За периоды 2017, 2018, 2019 годы всем ТСО необходимо представить в РЭК Свердловской области документы, подтверждающие расходы, количество техприсоединений, объем максимальной мощности.
B31: III. Заполнение приложений 3.1, 3.2.
B32: 1) Приложение 3.1 заполняется ТСО по мероприятию: подготовка и выдача сетевой организацией технических условий заявителю.
B33: 2) Приложение 3.2 заполняется ТСО по мероприятию: проверка сетевой организацией выполнения заявителем технических условий.
B34: 3) В графах 3-5 указываются расходы на выполнение мероприятий по технологическому присоединению с разбивкой по каждому показателю в тыс. рублей в соответствии с учетной политикой ТСО и бухгалтерской отчетностью.
B35: 4) В графах 3-5 указывается размерность показателей с учётом обязательного заполнения трех знаков после запятой.
B36: ="5) За периоды " &IF(Титульный!C12="","--- выберите период на листе Титульный --- ",(Титульный!C12-3)&", "&(Титульный!C12-2)&", "&(Титульный!C12-1)&" годы ") & "всем ТСО необходимо представить в РЭК Свердловской области документы, подтверждающие расходы по технологическому присоединению." -> 5) За периоды 2017, 2018, 2019 годы всем ТСО необходимо представить в РЭК Свердловской области документы, подтверждающие расходы по технологическому присоединению.
B38: IV. Заполнение приложений 5.1.1., 5.1.2., 5.1.3., 5.2.1., 5.2.2., 5.2.3.
B39: 1) Приложение 5.1.1., 5.1.2., 5.1.3. заполняются для территорий городских населенных пунктов.
B40: 2) Приложения 5.2.1., 5.2.2., 5.2.3. заполняется для территорий, не относящихся к городским населенным пунктам.
B41: 3) В графе 2 указано наименование объекта электросетевого хозяйства/средства коммерческого учета электрической энергии (мощности), введенного в эксплуатацию (наименование мероприятия, выполненного ТСО в соответствии с выданными техническими условиями).
B42: 4) В графе 3 указывается уровень напряжения, соответствующий уровню напряжения объекта электросетевого хозяйства/средства коммерческого учета электрической энергии (мощности), введенного в эксплуатацию (наименование мероприятия, выполненного ТСО в соответствии с выданными техническими условиями).
B43: 5) В графе 4 указывается протяженность ЛЭП в километрах по трассе (без учета количества кабелей (проводов) в линии) с учётом обязательного заполнения трех знаков после запятой, а также количество средств коммерческого учета электрической энергии (мощности) в штуках.
B44: 6) В графе 5 указывается размер присоединённой максимальной мощности энергопринимающего устройства заявителя согласно Договору.
B45: ="7) За периоды " &IF(Титульный!C12="","--- выберите период на листе Титульный --- ",(Титульный!C12-3)&", "&(Титульный!C12-2)&", "&(Титульный!C12-1)&" годы ") & "всем ТСО необходимо представить в РЭК Свердловской области документы, подтверждающие протяженность ЛЭП, количество средств коммерческого учета электрической энергии (мощности) и объем максимальной мощности." -> 7) За периоды 2017, 2018, 2019 годы всем ТСО необходимо представить в РЭК Свердловской области документы, подтверждающие протяженность ЛЭП, количество средств коммерческого учета электрической энергии (мощности) и объем максимальной мощности.

Sheet Прил. № 1.2 (не город)
A1: Приложение № 1.1 к Методическим указаниям по определению размера платы за технологическое присоединение к электрическим сетям
A2: Расходы на строительство введенных в эксплуатацию объектовэлектросетевого хозяйства для целей технологического присоединения и для целей реализации иных мероприятий инвестиционной программы территориальной сетевой организации, а также на обеспечение средствами коммерческого учета электрической энергии (мощности) (заполняется для территорий, не относящихся к городским населенным пунктам)
A3: № п/п | B3: Объект электросетевого хозяйства/Средство коммерческого учета электрической энергии (мощности) | C3: Год ввода объекта 2017 | G3: Год ввода объекта 2018 | K3: Год ввода объекта 2019 | O3: План*
C4: уровень напряжения, кВ | D4: протяженность (для линий электропередачи), км. / количество (для пунктов секционирования, точек учета ээ), шт. | E4: максимальная мощность, кВт | F4: расходы на строительство объекта/на обеспечение средствами коммерческого учета электрической энергии (мощности), тыс. руб. | G4: уровень напряжения, кВ | H4: протяженность (для линий электропередачи), км. / количество (для пунктов секционирования, точек учета ээ), шт. | I4: максимальная мощность, кВт | J4: расходы на строительство объекта/на обеспечение средствами коммерческого учета электрической энергии (мощности), тыс. руб. | K4: уровень напряжения, кВ | L4: протяженность (для линий электропередачи), км. / количество (для пунктов секционирования, точек учета ээ), шт. | M4: максимальная мощность, кВт | N4: расходы на строительство объекта/на обеспечение средствами коммерческого учета электрической энергии (мощности), тыс. руб. | O4: уровень напряжения, кВ | P4: протяженность (для линий электропередачи), км. / количество (для пунктов секционирования, точек учета ээ), шт. | Q4: максимальная мощность, кВт | R4: расходы на строительство объекта/на обеспечение средствами коммерческого учета электрической энергии (мощности), тыс. руб.
A5: 1 | B5: 2 | C5: 3 | D5: 4 | E5: 5 | F5: 6 | G5: 7 | H5: 8 | I5: 9 | J5: 10 | K5: 11 | L5: 12 | M5: 13 | N5: 14 | O5: 15 | P5: 16 | Q5: 17 | R5: 18
A6: 1 | B6: СТРОИТЕЛЬСТВО ВОЗДУШНЫХ ЛИНИЙ ЭЛЕКТРОПЕРЕДАЧИ | D6: =D7+D38+D69+D100+D131+D162+D193+D224+D255+D286+D317+D348+D379+D410+D441+D472+D503+D534+D565+D596+D627+D658+D689+D720 -> 0 | E6: =E7+E38+E69+E100+E131+E162+E193+E224+E255+E286+E317+E348+E379+E410+E441+E472+E503+E534+E565+E596+E627+E658+E689+E720 -> 0 | F6: =F7+F38+F69+F100+F131+F162+F193+F224+F255+F286+F317+F348+F379+F410+F441+F472+F503+F534+F565+F596+F627+F658+F689+F720 -> 0 | H6: =H7+H38+H69+H100+H131+H162+H193+H224+H255+H286+H317+H348+H379+H410+H441+H472+H503+H534+H565+H596+H627+H658+H689+H720 -> 0 | I6: =I7+I38+I69+I100+I131+I162+I193+I224+I255+I286+I317+I348+I379+I410+I441+I472+I503+I534+I565+I596+I627+I658+I689+I720 -> 0 | J6: =J7+J38+J69+J100+J131+J162+J193+J224+J255+J286+J317+J348+J379+J410+J441+J472+J503+J534+J565+J596+J627+J658+J689+J720 -> 0 | L6: =L7+L38+L69+L100+L131+L162+L193+L224+L255+L286+L317+L348+L379+L410+L441+L472+L503+L534+L565+L596+L627+L658+L689+L720 -> 0 | M6: =M7+M38+M69+M100+M131+M162+M193+M224+M255+M286+M317+M348+M379+M410+M441+M472+M503+M534+M565+M596+M627+M658+M689+M720 -> 0 | N6: =N7+N38+N69+N100+N131+N162+N193+N224+N255+N286+N317+N348+N379+N410+N441+N472+N503+N534+N565+N596+N627+N658+N689+N720 -> 0 | P6: =P7+P38+P69+P100+P131+P162+P193+P224+P255+P286+P317+P348+P379+P410+P441+P472+P503+P534+P565+P596+P627+P658+P689+P720 -> 0 | Q6: =Q7+Q38+Q69+Q100+Q131+Q162+Q193+Q224+Q255+Q286+Q317+Q348+Q379+Q410+Q441+Q472+Q503+Q534+Q565+Q596+Q627+Q658+Q689+Q720 -> 0 | R6: =R7+R38+R69+R100+R131+R162+R193+R224+R255+R286+R317+R348+R379+R410+R441+R472+R503+R534+R565+R596+R627+R658+R689+R720 -> 0
A7: 1.1. | B7: Воздушные линии на деревянных опорах изолированным медным проводом | D7: =D8+D13+D18+D23+D28+D33 -> 0 | E7: =E8+E13+E18+E23+E28+E33 -> 0 | F7: =F8+F13+F18+F23+F28+F33 -> 0 | H7: =H8+H13+H18+H23+H28+H33 -> 0 | I7: =I8+I13+I18+I23+I28+I33 -> 0 | J7: =J8+J13+J18+J23+J28+J33 -> 0 | L7: =L8+L13+L18+L23+L28+L33 -> 0 | M7: =M8+M13+M18+M23+M28+M33 -> 0 | N7: =N8+N13+N18+N23+N28+N33 -> 0 | P7: =P8+P13+P18+P23+P28+P33 -> 0 | Q7: =Q8+Q13+Q18+Q23+Q28+Q33 -> 0 | R7: =R8+R13+R18+R23+R28+R33 -> 0
A8: 1.1.1 | B8: Воздушные линии на деревянных опорах изолированным медным проводом сечением до 50 квадратных мм включительно на уровне напряжения: | D8: =SUM(D9:D12) -> 0 | E8: =SUM(E9:E12) -> 0 | F8: =SUM(F9:F12) -> 0 | H8: =SUM(H9:H12) -> 0 | I8: =SUM(I9:I12) -> 0 | J8: =SUM(J9:J12) -> 0 | L8: =SUM(L9:L12) -> 0 | M8: =SUM(M9:M12) -> 0 | N8: =SUM(N9:N12) -> 0 | P8: =SUM(P9:P12) -> 0 | Q8: =SUM(Q9:Q12) -> 0 | R8: =SUM(R9:R12) -> 0
A9: 1.1.1.1 | B9: 0,4 кВ и ниже
A10: 1.1.1.2 | B10: 1-20 кВ
A11: 1.1.1.3 | B11: 35 кВ
A12: 1.1.1.4 | B12: 110 кВ и выше
A13: 1.1.2 | B13: Воздушные линии на деревянных опорах изолированным медным проводом сечением от 50 до 100 квадратных мм включительно на уровне напряжения: | D13: =SUM(D14:D17) -> 0 | E13: =SUM(E14:E17) -> 0 | F13: =SUM(F14:F17) -> 0 | H13: =SUM(H14:H17) -> 0 | I13: =SUM(I14:I17) -> 0 | J13: =SUM(J14:J17) -> 0 | L13: =SUM(L14:L17) -> 0 | M13: =SUM(M14:M17) -> 0 | N13: =SUM(N14:N17) -> 0 | P13: =SUM(P14:P17) -> 0 | Q13: =SUM(Q14:Q17) -> 0 | R13: =SUM(R14:R17) -> 0
A14: 1.1.2.1 | B14: 0,4 кВ и ниже
A15: 1.1.2.2 | B15: 1-20 кВ
A16: 1.1.2.3 | B16: 35 кВ
A17: 1.1.2.4 | B17: 110 кВ и выше
A18: 1.1.3 | B18: Воздушные линии на деревянных опорах изолированным медным проводом сечением от 100 до 200 квадратных мм включительно на уровне напряжения: | D18: =SUM(D19:D22) -> 0 | E18: =SUM(E19:E22) -> 0 | F18: =SUM(F19:F22) -> 0 | H18: =SUM(H19:H22) -> 0 | I18: =SUM(I19:I22) -> 0 | J18: =SUM(J19:J22) -> 0 | L18: =SUM(L19:L22) -> 0 | M18: =SUM(M19:M22) -> 0 | N18: =SUM(N19:N22) -> 0 | P18: =SUM(P19:P22) -> 0 | Q18: =SUM(Q19:Q22) -> 0 | R18: =SUM(R19:R22) -> 0
A19: 1.1.3.1 | B19: 0,4 кВ и ниже
A20: 1.1.3.2 | B20: 1-20 кВ
A21: 1.1.3.3 | B21: 35 кВ
A22: 1.1.3.4 | B22: 110 кВ и выше
A23: 1.1.4 | B23: Воздушные линии на деревянных опорах изолированным медным проводом сечением от 200 до 500 квадратных мм включительно на уровне напряжения: | D23: =SUM(D24:D27) -> 0 | E23: =SUM(E24:E27) -> 0 | F23: =SUM(F24:F27) -> 0 | H23: =SUM(H24:H27) -> 0 | I23: =SUM(I24:I27) -> 0 | J23: =SUM(J24:J27) -> 0 | L23: =SUM(L24:L27) -> 0 | M23: =SUM(M24:M27) -> 0 | N23: =SUM(N24:N27) -> 0 | P23: =SUM(P24:P27) -> 0 | Q23: =SUM(Q24:Q27) -> 0 | R23: =SUM(R24:R27) -> 0
A24: 1.1.4.1 | B24: 0,4 кВ и ниже
A25: 1.1.4.2 | B25: 1-20 кВ
A26: 1.1.4.3 | B26: 35 кВ
A27: 1.1.4.4 | B27: 110 кВ и выше
A28: 1.1.5 | B28: Воздушные линии на деревянных опорах изолированным медным проводом сечением от 500 до 800 квадратных мм включительно на уровне напряжения: | D28: =SUM(D29:D32) -> 0 | E28: =SUM(E29:E32) -> 0 | F28: =SUM(F29:F32) -> 0 | H28: =SUM(H29:H32) -> 0 | I28: =SUM(I29:I32) -> 0 | J28: =SUM(J29:J32) -> 0 | L28: =SUM(L29:L32) -> 0 | M28: =SUM(M29:M32) -> 0 | N28: =SUM(N29:N32) -> 0 | P28: =SUM(P29:P32) -> 0 | Q28: =SUM(Q29:Q32) -> 0 | R28: =SUM(R29:R32) -> 0
A29: 1.1.5.1 | B29: 0,4 кВ и ниже
A30: 1.1.5.2 | B30: 1-20 кВ
A31: 1.1.5.3 | B31: 35 кВ
A32: 1.1.5.4 | B32: 110 кВ и выше
A33: 1.1.6 | B33: Воздушные линии на деревянных опорах изолированным медным проводом сечением свыше 800 квадратных мм на уровне напряжения: | D33: =SUM(D34:D37) -> 0 | E33: =SUM(E34:E37) -> 0 | F33: =SUM(F34:F37) -> 0 | H33: =SUM(H34:H37) -> 0 | I33: =SUM(I34:I37) -> 0 | J33: =SUM(J34:J37) -> 0 | L33: =SUM(L34:L37) -> 0 | M33: =SUM(M34:M37) -> 0 | N33: =SUM(N34:N37) -> 0 | P33: =SUM(P34:P37) -> 0 | Q33: =SUM(Q34:Q37) -> 0 | R33: =SUM(R34:R37) -> 0
A34: 1.1.6.1 | B34: 0,4 кВ и ниже
A35: 1.1.6.2 | B35: 1-20 кВ
A36: 1.1.6.3 | B36: 35 кВ
A37: 1.1.6.4 | B37: 110 кВ и выше
A38: 1.2 | B38: Воздушные линии на деревянных опорах изолированным стальным проводом | D38: =D39+D44+D49+D54+D59+D64 -> 0 | E38: =E39+E44+E49+E54+E59+E64 -> 0 | F38: =F39+F44+F49+F54+F59+F64 -> 0 | H38: =H39+H44+H49+H54+H59+H64 -> 0 | I38: =I39+I44+I49+I54+I59+I64 -> 0 | J38: =J39+J44+J49+J54+J59+J64 -> 0 | L38: =L39+L44+L49+L54+L59+L64 -> 0 | M38: =M39+M44+M49+M54+M59+M64 -> 0 | N38: =N39+N44+N49+N54+N59+N64 -> 0 | P38: =P39+P44+P49+P54+P59+P64 -> 0 | Q38: =Q39+Q44+Q49+Q54+Q59+Q64 -> 0 | R38: =R39+R44+R49+R54+R59+R64 -> 0
A39: 1.2.1 | B39: Воздушные линии на деревянных опорах изолированным стальным проводом сечением до 50 квадратных мм включительно на уровне напряжения: | D39: =SUM(D40:D43) -> 0 | E39: =SUM(E40:E43) -> 0 | F39: =SUM(F40:F43) -> 0 | H39: =SUM(H40:H43) -> 0 | I39: =SUM(I40:I43) -> 0 | J39: =SUM(J40:J43) -> 0 | L39: =SUM(L40:L43) -> 0 | M39: =SUM(M40:M43) -> 0 | N39: =SUM(N40:N43) -> 0 | P39: =SUM(P40:P43) -> 0 | Q39: =SUM(Q40:Q43) -> 0 | R39: =SUM(R40:R43) -> 0
A40: 1.2.1.1 | B40: 0,4 кВ и ниже
A41: 1.2.1.2 | B41: 1-20 кВ
A42: 1.2.1.3 | B42: 35 кВ
A43: 1.2.1.4 | B43: 110 кВ и выше
A44: 1.2.2 | B44: Воздушные линии на деревянных опорах изолированным стальным проводом сечением от 50 до 100 квадратных мм включительно на уровне напряжения: | D44: =SUM(D45:D48) -> 0 | E44: =SUM(E45:E48) -> 0 | F44: =SUM(F45:F48) -> 0 | H44: =SUM(H45:H48) -> 0 | I44: =SUM(I45:I48) -> 0 | J44: =SUM(J45:J48) -> 0 | L44: =SUM(L45:L48) -> 0 | M44: =SUM(M45:M48) -> 0 | N44: =SUM(N45:N48) -> 0 | P44: =SUM(P45:P48) -> 0 | Q44: =SUM(Q45:Q48) -> 0 | R44: =SUM(R45:R48) -> 0
A45: 1.2.2.1 | B45: 0,4 кВ и ниже
A46: 1.2.2.2 | B46: 1-20 кВ
A47: 1.2.2.3 | B47: 35 кВ
A48: 1.2.2.4 | B48: 110 кВ и выше
A49: 1.2.3 | B49: Воздушные линии на деревянных опорах изолированным стальным проводом сечением от 100 до 200 квадратных мм включительно на уровне напряжения: | D49: =SUM(D50:D53) -> 0 | E49: =SUM(E50:E53) -> 0 | F49: =SUM(F50:F53) -> 0 | H49: =SUM(H50:H53) -> 0 | I49: =SUM(I50:I53) -> 0 | J49: =SUM(J50:J53) -> 0 | L49: =SUM(L50:L53) -> 0 | M49: =SUM(M50:M53) -> 0 | N49: =SUM(N50:N53) -> 0 | P49: =SUM(P50:P53) -> 0 | Q49: =SUM(Q50:Q53) -> 0 | R49: =SUM(R50:R53) -> 0
A50: 1.2.3.1 | B50: 0,4 кВ и ниже
A51: 1.2.3.2 | B51: 1-20 кВ
A52: 1.2.3.3 | B52: 35 кВ
A53: 1.2.3.4 | B53: 110 кВ и выше
A54: 1.2.4 | B54: Воздушные линии на деревянных опорах изолированным стальным проводом сечением от 200 до 500 квадратных мм включительно на уровне напряжения: | D54: =SUM(D55:D58) -> 0 | E54: =SUM(E55:E58) -> 0 | F54: =SUM(F55:F58) -> 0 | H54: =SUM(H55:H58) -> 0 | I54: =SUM(I55:I58) -> 0 | J54: =SUM(J55:J58) -> 0 | L54: =SUM(L55:L58) -> 0 | M54: =SUM(M55:M58) -> 0 | N54: =SUM(N55:N58) -> 0 | P54: =SUM(P55:P58) -> 0 | Q54: =SUM(Q55:Q58) -> 0 | R54: =SUM(R55:R58) -> 0
A55: 1.2.4.1 | B55: 0,4 кВ и ниже
A56: 1.2.4.2 | B56: 1-20 кВ
A57: 1.2.4.3 | B57: 35 кВ
A58: 1.2.4.4 | B58: 110 кВ и выше
A59: 1.2.5 | B59: Воздушные линии на деревянных опорах изолированным стальным проводом сечением от 500 до 800 квадратных мм включительно на уровне напряжения: | D59: =SUM(D60:D63) -> 0 | E59: =SUM(E60:E63) -> 0 | F59: =SUM(F60:F63) -> 0 | H59: =SUM(H60:H63) -> 0 | I59: =SUM(I60:I63) -> 0 | J59: =SUM(J60:J63) -> 0 | L59: =SUM(L60:L63) -> 0 | M59: =SUM(M60:M63) -> 0 | N59: =SUM(N60:N63) -> 0 | P59: =SUM(P60:P63) -> 0 | Q59: =SUM(Q60:Q63) -> 0 | R59: =SUM(R60:R63) -> 0
A60: 1.2.5.1 | B60: 0,4 кВ и ниже
A61: 1.2.5.2 | B61: 1-20 кВ
A62: 1.2.5.3 | B62: 35 кВ
A63: 1.2.5.4 | B63: 110 кВ и выше
A64: 1.2.6 | B64: Воздушные линии на деревянных опорах изолированным стальным проводом сечением свыше 800 квадратных мм на уровне напряжения: | D64: =SUM(D65:D68) -> 0 | E64: =SUM(E65:E68) -> 0 | F64: =SUM(F65:F68) -> 0 | H64: =SUM(H65:H68) -> 0 | I64: =SUM(I65:I68) -> 0 | J64: =SUM(J65:J68) -> 0 | L64: =SUM(L65:L68) -> 0 | M64: =SUM(M65:M68) -> 0 | N64: =SUM(N65:N68) -> 0 | P64: =SUM(P65:P68) -> 0 | Q64: =SUM(Q65:Q68) -> 0 | R64: =SUM(R65:R68) -> 0
A65: 1.2.6.1 | B65: 0,4 кВ и ниже
A66: 1.2.6.2 | B66: 1-20 кВ
A67: 1.2.6.3 | B67: 35 кВ
A68: 1.2.6.4 | B68: 110 кВ и выше
A69: 1.3 | B69: Воздушные линии на деревянных опорах изолированным сталеалюминиевым проводом | D69: =D70+D75+D80+D85+D90+D95 -> 0 | E69: =E70+E75+E80+E85+E90+E95 -> 0 | F69: =F70+F75+F80+F85+F90+F95 -> 0 | H69: =H70+H75+H80+H85+H90+H95 -> 0 | I69: =I70+I75+I80+I85+I90+I95 -> 0 | J69: =J70+J75+J80+J85+J90+J95 -> 0 | K69: =K70+K75+K80+K85+K90+K95 -> 0 | L69: =L70+L75+L80+L85+L90+L95 -> 0 | M69: =M70+M75+M80+M85+M90+M95 -> 0 | N69: =N70+N75+N80+N85+N90+N95 -> 0 | P69: =P70+P75+P80+P85+P90+P95 -> 0 | Q69: =Q70+Q75+Q80+Q85+Q90+Q95 -> 0 | R69: =R70+R75+R80+R85+R90+R95 -> 0
A70: 1.3.1 | B70: Воздушные линии на деревянных опорах изолированным сталеалюминиевым проводом сечением до 50 квадратных мм включительно на уровне напряжения: | D70: =SUM(D71:D74) -> 0 | E70: =SUM(E71:E74) -> 0 | F70: =SUM(F71:F74) -> 0 | H70: =SUM(H71:H74) -> 0 | I70: =SUM(I71:I74) -> 0 | J70: =SUM(J71:J74) -> 0 | L70: =SUM(L71:L74) -> 0 | M70: =SUM(M71:M74) -> 0 | N70: =SUM(N71:N74) -> 0 | P70: =SUM(P71:P74) -> 0 | Q70: =SUM(Q71:Q74) -> 0 | R70: =SUM(R71:R74) -> 0
A71: 1.3.1.1 | B71: 0,4 кВ и ниже
A72: 1.3.1.2 | B72: 1-20 кВ
A73: 1.3.1.3 | B73: 35 кВ
A74: 1.3.1.4 | B74: 110 кВ и выше
A75: 1.3.2 | B75: Воздушные линии на деревянных опорах изолированным сталеалюминиевым проводом сечением от 50 до 100 квадратных мм включительно на уровне напряжения: | D75: =SUM(D76:D79) -> 0 | E75: =SUM(E76:E79) -> 0 | F75: =SUM(F76:F79) -> 0 | H75: =SUM(H76:H79) -> 0 | I75: =SUM(I76:I79) -> 0 | J75: =SUM(J76:J79) -> 0 | L75: =SUM(L76:L79) -> 0 | M75: =SUM(M76:M79) -> 0 | N75: =SUM(N76:N79) -> 0 | P75: =SUM(P76:P79) -> 0 | Q75: =SUM(Q76:Q79) -> 0 | R75: =SUM(R76:R79) -> 0
A76: 1.3.2.1 | B76: 0,4 кВ и ниже
A77: 1.3.2.2 | B77: 1-20 кВ
A78: 1.3.2.3 | B78: 35 кВ
A79: 1.3.2.4 | B79: 110 кВ и выше
A80: 1.3.3 | B80: Воздушные линии на деревянных опорах изолированным сталеалюминиевым проводом сечением от 100 до 200 квадратных мм включительно на уровне напряжения: | D80: =SUM(D81:D84) -> 0 | E80: =SUM(E81:E84) -> 0 | F80: =SUM(F81:F84) -> 0 | H80: =SUM(H81:H84) -> 0 | I80: =SUM(I81:I84) -> 0 | J80: =SUM(J81:J84) -> 0 | L80: =SUM(L81:L84) -> 0 | M80: =SUM(M81:M84) -> 0 | N80: =SUM(N81:N84) -> 0 | P80: =SUM(P81:P84) -> 0 | Q80: =SUM(Q81:Q84) -> 0 | R80: =SUM(R81:R84) -> 0
A81: 1.3.3.1 | B81: 0,4 кВ и ниже
A82: 1.3.3.2 | B82: 1-20 кВ
A83: 1.3.3.3 | B83: 35 кВ
A84: 1.3.3.4 | B84: 110 кВ и выше
A85: 1.3.4 | B85: Воздушные линии на деревянных опорах изолированным сталеалюминиевым проводом сечением от 200 до 500 квадратных мм включительно на уровне напряжения: | D85: =SUM(D86:D89) -> 0 | E85: =SUM(E86:E89) -> 0 | F85: =SUM(F86:F89) -> 0 | H85: =SUM(H86:H89) -> 0 | I85: =SUM(I86:I89) -> 0 | J85: =SUM(J86:J89) -> 0 | L85: =SUM(L86:L89) -> 0 | M85: =SUM(M86:M89) -> 0 | N85: =SUM(N86:N89) -> 0 | P85: =SUM(P86:P89) -> 0 | Q85: =SUM(Q86:Q89) -> 0 | R85: =SUM(R86:R89) -> 0
A86: 1.3.4.1 | B86: 0,4 кВ и ниже
A87: 1.3.4.2 | B87: 1-20 кВ
A88: 1.3.4.3 | B88: 35 кВ
A89: 1.3.4.4 | B89: 110 кВ и выше
A90: 1.3.5 | B90: Воздушные линии на деревянных опорах изолированным сталеалюминиевым проводом сечением от 500 до 800 квадратных мм включительно на уровне напряжения: | D90: =SUM(D91:D94) -> 0 | E90: =SUM(E91:E94) -> 0 | F90: =SUM(F91:F94) -> 0 | H90: =SUM(H91:H94) -> 0 | I90: =SUM(I91:I94) -> 0 | J90: =SUM(J91:J94) -> 0 | L90: =SUM(L91:L94) -> 0 | M90: =SUM(M91:M94) -> 0 | N90: =SUM(N91:N94) -> 0 | P90: =SUM(P91:P94) -> 0 | Q90: =SUM(Q91:Q94) -> 0 | R90: =SUM(R91:R94) -> 0
A91: 1.3.5.1 | B91: 0,4 кВ и ниже
A92: 1.3.5.2 | B92: 1-20 кВ
A93: 1.3.5.3 | B93: 35 кВ
A94: 1.3.5.4 | B94: 110 кВ и выше
A95: 1.3.6 | B95: Воздушные линии на деревянных опорах изолированным сталеалюминиевым проводом сечением свыше 800 квадратных мм на уровне напряжения: | D95: =SUM(D96:D99) -> 0 | E95: =SUM(E96:E99) -> 0 | F95: =SUM(F96:F99) -> 0 | H95: =SUM(H96:H99) -> 0 | I95: =SUM(I96:I99) -> 0 | J95: =SUM(J96:J99) -> 0 | L95: =SUM(L96:L99) -> 0 | M95: =SUM(M96:M99) -> 0 | N95: =SUM(N96:N99) -> 0 | P95: =SUM(P96:P99) -> 0 | Q95: =SUM(Q96:Q99) -> 0 | R95: =SUM(R96:R99) -> 0
A96: 1.3.6.1 | B96: 0,4 кВ и ниже
A97: 1.3.6.2 | B97: 1-20 кВ
A98: 1.3.6.3 | B98: 35 кВ
A99: 1.3.6.4 | B99: 110 кВ и выше
A100: 1.4 | B100: Воздушные линии на деревянных опорах изолированным алюминиевым проводом | D100: =D101+D106+D111+D116+D121+D126 -> 0 | E100: =E101+E106+E111+E116+E121+E126 -> 0 | F100: =F101+F106+F111+F116+F121+F126 -> 0 | H100: =H101+H106+H111+H116+H121+H126 -> 0 | I100: =I101+I106+I111+I116+I121+I126 -> 0 | J100: =J101+J106+J111+J116+J121+J126 -> 0 | L100: =L101+L106+L111+L116+L121+L126 -> 0 | M100: =M101+M106+M111+M116+M121+M126 -> 0 | N100: =N101+N106+N111+N116+N121+N126 -> 0 | P100: =P101+P106+P111+P116+P121+P126 -> 0 | Q100: =Q101+Q106+Q111+Q116+Q121+Q126 -> 0 | R100: =R101+R106+R111+R116+R121+R126 -> 0
...

Sheet Прил. № 2.1 (год-3)
A1: Приложение № 2.1 к Методическим указаниям по определению размера платы за технологическое присоединение к электрическим сетям
A2: ="Расходы на выполнение мероприятий по технологическому присоединению, предусмотренных пунктами 'а' и 'в' пункта 16 Методических указаний за " &IF(Титульный!C12="","--- выберите период на листе Титульный ---",(Титульный!C12-3)) & " год" -> Расходы на выполнение мероприятий по технологическому присоединению, предусмотренных пунктами 'а' и 'в' пункта 16 Методических указаний за 2017 год
A3: № п/п | B3: Наименование мероприятий | C3: ="Год формирования расходов (согласно учетной политике сетевой организации) за " &IF(Титульный!C12="","--- выберите период на листе Титульный ---",(Титульный!C12-3)) & " год" -> Год формирования расходов (согласно учетной политике сетевой организации) за 2017 год
C4: Информация для расчета стандартизированной тарифной ставки С1 с учетом дифференциации по уровням напряжения и максимальной мощности | R4: расходы на одно присоединение (руб. на 1 ТП)
C5: расходы согласно Приложению № 3 по каждому мероприятию (тыс. руб.) | H5: количество технологических присоединений (шт.) | M5: объем максимальной мощности (кВт) | Q5: Итого расходы на одно присоединение (тыс.руб. на 1 ТП) (гр.7/ гр.12)
C6: до 20 кВ включительно | E6: свыше 20 кВ | G6: Итого (гр.3+гр.4+гр.5 +гр.6) | H6: до 20 кВ включительно | J6: свыше 20 кВ | L6: Итого (гр.8+гр.9+гр.10+гр.11) | M6: до 20 кВ включительно | O6: свыше 20 кВ | R6: до 35 кВ | T6: свыше 35 кВ включительно
C7: до 670 кВт | D7: свыше 670 кВт включительно | E7: до 670 кВт | F7: свыше 670 кВт включительно | H7: до 670 кВт | I7: свыше 670 кВт включительно | J7: до 670 кВт | K7: свыше 670 кВт включительно | M7: до 670 кВт | N7: свыше 670 кВт включительно | O7: до 670 кВт | P7: свыше 670 кВт включительно | R7: до 8900 кВт | S7: свыше 8900 кВт включительно | T7: до 8900 кВт | U7: свыше 8900 кВт включительно
A8: 1 | B8: 2 | C8: 3 | D8: 4 | E8: 5 | F8: 6 | G8: 7 | H8: 8 | I8: 9 | J8: 10 | K8: 11 | L8: 12 | M8: 13 | N8: 14 | O8: 15 | P8: 16 | Q8: 17 | R8: 15 | S8: 16 | T8: 17 | U8: 18
A9: для территорий городских населенных пунктов
A10: 1 | B10: Подготовка и выдача сетевой организацией технических условий заявителю | G10: =C10+D10+E10+F10 -> 0 | L10: =H10+I10+J10+K10 -> 0 | Q10: - | R10: =IF(H10=0,0,C10/H10) -> 0 | S10: =IF(I10=0,0,D10/I10) -> 0 | T10: =IF(J10=0,0,E10/J10) -> 0 | U10: =IF(K10=0,0,F10/K10) -> 0
A11: 2 | B11: Проверка сетевой организацией выполнения заявителем технических условий | G11: =C11+D11+E11+F11 -> 0 | L11: =H11+I11+J11+K11 -> 0 | Q11: - | R11: =IF(H11=0,0,C11/H11) -> 0 | S11: =IF(I11=0,0,D11/I11) -> 0 | T11: =IF(J11=0,0,E11/J11) -> 0 | U11: =IF(K11=0,0,F11/K11) -> 0
A12: 3 | B12: Итого | C12: =C10+C11 -> 0 | D12: =D10+D11 -> 0 | E12: =E10+E11 -> 0 | F12: =F10+F11 -> 0 | H12: =H10+H11 -> 0 | I12: =I10+I11 -> 0 | J12: =J10+J11 -> 0 | K12: =K10+K11 -> 0 | M12: =M10+M11 -> 0 | N12: =N10+N11 -> 0 | O12: =O10+O11 -> 0 | P12: =P10+P11 -> 0 | R12: =IF(H12=0,0,C12/H12) -> 0 | S12: =IF(I12=0,0,D12/I12) -> 0 | T12: =IF(J12=0,0,E12/J12) -> 0 | U12: =IF(K12=0,0,F12/K12) -> 0
A13: для территорий, не относящихся к городским населенным пунктам
A14: 3 | B14: Подготовка и выдача сетевой организацией технических условий заявителю | G14: =C14+D14+E14+F14 -> 0 | L14: =H14+I14+J14+K14 -> 0 | Q14: - | R14: =IF(H14=0,0,C14/H14) -> 0 | S14: =IF(I14=0,0,D14/I14) -> 0 | T14: =IF(J14=0,0,E14/J14) -> 0 | U14: =IF(K14=0,0,F14/K14) -> 0
A15: 4 | B15: Проверка сетевой организацией выполнения заявителем технических условий | G15: =C15+D15+E15+F15 -> 0 | L15: =H15+I15+J15+K15 -> 0 | Q15: - | R15: =IF(H15=0,0,C15/H15) -> 0 | S15: =IF(I15=0,0,D15/I15) -> 0 | T15: =IF(J15=0,0,E15/J15) -> 0 | U15: =IF(K15=0,0,F15/K15) -> 0
A16: 6 | B16: Итого | C16: =C14+C15 -> 0 | D16: =D14+D15 -> 0 | E16: =E14+E15 -> 0 | F16: =F14+F15 -> 0 | H16: =H14+H15 -> 0 | I16: =I14+I15 -> 0 | J16: =J14+J15 -> 0 | K16: =K14+K15 -> 0 | M16: =M14+M15 -> 0 | N16: =N14+N15 -> 0 | O16: =O14+O15 -> 0 | P16: =P14+P15 -> 0 | R16: =IF(H16=0,0,C16/H16) -> 0 | S16: =IF(I16=0,0,D16/I16) -> 0 | T16: =IF(J16=0,0,E16/J16) -> 0 | U16: =IF(K16=0,0,F16/K16) -> 0
A17: 7 | B17: Всего (сумма по п.3 и п.6) | C17: =C12+C16 -> 0 | D17: =D12+D16 -> 0 | E17: =E12+E16 -> 0 | F17: =F12+F16 -> 0 | H17: =H12+H16 -> 0 | I17: =I12+I16 -> 0 | J17: =J12+J16 -> 0 | K17: =K12+K16 -> 0 | M17: =M12+M16 -> 0 | N17: =N12+N16 -> 0 | O17: =O12+O16 -> 0 | P17: =P12+P16 -> 0 | R17: =IF(H17=0,0,C17/H17) -> 0 | S17: =IF(I17=0,0,D17/I17) -> 0 | T17: =IF(J17=0,0,E17/J17) -> 0 | U17: =IF(K17=0,0,F17/K17) -> 0
A18: итого для территорий городских населенных пунктов и территорий, не относящихся к территориям городских населенных пунктов
A19: 5 | B19: Подготовка и выдача сетевой организацией технических условий заявителю итого (п.1+п.3) | C19: - | D19: - | E19: - | F19: - | G19: =G10+G14 -> 0 | H19: - | I19: - | J19: - | K19: - | L19: =L10+L14 -> 0 | M19: - | N19: - | O19: - | P19: - | Q19: =IF(L19=0,0,G19/L19) -> 0
A20: 6 | B20: Проверка сетевой организацией выполнения заявителем технических условий итого (п.2+п.4) | C20: - | D20: - | E20: - | F20: - | G20: =G11+G15 -> 0 | H20: - | I20: - | J20: - | K20: - | L20: =L11+L15 -> 0 | M20: - | N20: - | O20: - | P20: - | Q20: =IF(L20=0,0,G20/L20) -> 0

Sheet Прил. № 1.1 (город)
A1: Приложение № 1.1 к Методическим указаниям по определению размера платы за технологическое присоединение к электрическим сетям
A2: Расходы на строительство введенных в эксплуатацию объектовэлектросетевого хозяйства для целей технологического присоединения и для целей реализации иных мероприятий инвестиционной программы территориальной сетевой организации, а также на обеспечение средствами коммерческого учета электрической энергии (мощности) (заполняется для территорий городских населенных пунктов)
A3: № п/п | B3: Объект электросетевого хозяйства/Средство коммерческого учета электрической энергии (мощности) | C3: Год ввода объекта 2017 | G3: Год ввода объекта 2018 | K3: Год ввода объекта 2019 | O3: План*
C4: уровень напряжения, кВ | D4: протяженность (для линий электропередачи), км. / количество (для пунктов секционирования, точек учета ээ), шт. | E4: максимальная мощность, кВт | F4: расходы на строительство объекта/на обеспечение средствами коммерческого учета электрической энергии (мощности), тыс. руб. | G4: уровень напряжения, кВ | H4: протяженность (для линий электропередачи), км. / количество (для пунктов секционирования, точек учета ээ), шт. | I4: максимальная мощность, кВт | J4: расходы на строительство объекта/на обеспечение средствами коммерческого учета электрической энергии (мощности), тыс. руб. | K4: уровень напряжения, кВ | L4: протяженность (для линий электропередачи), км. / количество (для пунктов секционирования, точек учета ээ), шт. | M4: максимальная мощность, кВт | N4: расходы на строительство объекта/на обеспечение средствами коммерческого учета электрической энергии (мощности), тыс. руб. | O4: уровень напряжения, кВ | P4: протяженность (для линий электропередачи), км. / количество (для пунктов секционирования, точек учета ээ), шт. | Q4: максимальная мощность, кВт | R4: расходы на строительство объекта/на обеспечение средствами коммерческого учета электрической энергии (мощности), тыс. руб.
A5: 1 | B5: 2 | C5: 3 | D5: 4 | E5: 5 | F5: 6 | G5: 7 | H5: 8 | I5: 9 | J5: 10 | K5: 11 | L5: 12 | M5: 13 | N5: 14 | O5: 15 | P5: 16 | Q5: 17 | R5: 18
A6: 1 | B6: СТРОИТЕЛЬСТВО ВОЗДУШНЫХ ЛИНИЙ ЭЛЕКТРОПЕРЕДАЧИ | D6: =D7+D38+D69+D100+D131+D162+D193+D224+D255+D286+D317+D348+D379+D410+D441+D472+D503+D534+D565+D596+D627+D658+D689+D720 -> 0 | E6: =E7+E38+E69+E100+E131+E162+E193+E224+E255+E286+E317+E348+E379+E410+E441+E472+E503+E534+E565+E596+E627+E658+E689+E720 -> 0 | F6: =F7+F38+F69+F100+F131+F162+F193+F224+F255+F286+F317+F348+F379+F410+F441+F472+F503+F534+F565+F596+F627+F658+F689+F720 -> 0 | H6: =H7+H38+H69+H100+H131+H162+H193+H224+H255+H286+H317+H348+H379+H410+H441+H472+H503+H534+H565+H596+H627+H658+H689+H720 -> 0 | I6: =I7+I38+I69+I100+I131+I162+I193+I224+I255+I286+I317+I348+I379+I410+I441+I472+I503+I534+I565+I596+I627+I658+I689+I720 -> 0 | J6: =J7+J38+J69+J100+J131+J162+J193+J224+J255+J286+J317+J348+J379+J410+J441+J472+J503+J534+J565+J596+J627+J658+J689+J720 -> 0 | L6: =L7+L38+L69+L100+L131+L162+L193+L224+L255+L286+L317+L348+L379+L410+L441+L472+L503+L534+L565+L596+L627+L658+L689+L720 -> 0 | M6: =M7+M38+M69+M100+M131+M162+M193+M224+M255+M286+M317+M348+M379+M410+M441+M472+M503+M534+M565+M596+M627+M658+M689+M720 -> 0 | N6: =N7+N38+N69+N100+N131+N162+N193+N224+N255+N286+N317+N348+N379+N410+N441+N472+N503+N534+N565+N596+N627+N658+N689+N720 -> 0 | P6: =P7+P38+P69+P100+P131+P162+P193+P224+P255+P286+P317+P348+P379+P410+P441+P472+P503+P534+P565+P596+P627+P658+P689+P720 -> 0 | Q6: =Q7+Q38+Q69+Q100+Q131+Q162+Q193+Q224+Q255+Q286+Q317+Q348+Q379+Q410+Q441+Q472+Q503+Q534+Q565+Q596+Q627+Q658+Q689+Q720 -> 0 | R6: =R7+R38+R69+R100+R131+R162+R193+R224+R255+R286+R317+R348+R379+R410+R441+R472+R503+R534+R565+R596+R627+R658+R689+R720 -> 0
A7: 1.1. | B7: Воздушные линии на деревянных опорах изолированным медным проводом | D7: =D8+D13+D18+D23+D28+D33 -> 0 | E7: =E8+E13+E18+E23+E28+E33 -> 0 | F7: =F8+F13+F18+F23+F28+F33 -> 0 | H7: =H8+H13+H18+H23+H28+H33 -> 0 | I7: =I8+I13+I18+I23+I28+I33 -> 0 | J7: =J8+J13+J18+J23+J28+J33 -> 0 | L7: =L8+L13+L18+L23+L28+L33 -> 0 | M7: =M8+M13+M18+M23+M28+M33 -> 0 | N7: =N8+N13+N18+N23+N28+N33 -> 0 | P7: =P8+P13+P18+P23+P28+P33 -> 0 | Q7: =Q8+Q13+Q18+Q23+Q28+Q33 -> 0 | R7: =R8+R13+R18+R23+R28+R33 -> 0
A8: 1.1.1 | B8: Воздушные линии на деревянных опорах изолированным медным проводом сечением до 50 квадратных мм включительно на уровне напряжения: | D8: =SUM(D9:D12) -> 0 | E8: =SUM(E9:E12) -> 0 | F8: =SUM(F9:F12) -> 0 | H8: =SUM(H9:H12) -> 0 | I8: =SUM(I9:I12) -> 0 | J8: =SUM(J9:J12) -> 0 | L8: =SUM(L9:L12) -> 0 | M8: =SUM(M9:M12) -> 0 | N8: =SUM(N9:N12) -> 0 | P8: =SUM(P9:P12) -> 0 | Q8: =SUM(Q9:Q12) -> 0 | R8: =SUM(R9:R12) -> 0
A9: 1.1.1.1 | B9: 0,4 кВ и ниже
A10: 1.1.1.2 | B10: 1-20 кВ
A11: 1.1.1.3 | B11: 35 кВ
A12: 1.1.1.4 | B12: 110 кВ и выше
A13: 1.1.2 | B13: Воздушные линии на деревянных опорах изолированным медным проводом сечением от 50 до 100 квадратных мм включительно на уровне напряжения: | D13: =SUM(D14:D17) -> 0 | E13: =SUM(E14:E17) -> 0 | F13: =SUM(F14:F17) -> 0 | H13: =SUM(H14:H17) -> 0 | I13: =SUM(I14:I17) -> 0 | J13: =SUM(J14:J17) -> 0 | L13: =SUM(L14:L17) -> 0 | M13: =SUM(M14:M17) -> 0 | N13: =SUM(N14:N17) -> 0 | P13: =SUM(P14:P17) -> 0 | Q13: =SUM(Q14:Q17) -> 0 | R13: =SUM(R14:R17) -> 0
A14: 1.1.2.1 | B14: 0,4 кВ и ниже
A15: 1.1.2.2 | B15: 1-20 кВ
A16: 1.1.2.3 | B16: 35 кВ
A17: 1.1.2.4 | B17: 110 кВ и выше
A18: 1.1.3 | B18: Воздушные линии на деревянных опорах изолированным медным проводом сечением от 100 до 200 квадратных мм включительно на уровне напряжения: | D18: =SUM(D19:D22) -> 0 | E18: =SUM(E19:E22) -> 0 | F18: =SUM(F19:F22) -> 0 | H18: =SUM(H19:H22) -> 0 | I18: =SUM(I19:I22) -> 0 | J18: =SUM(J19:J22) -> 0 | L18: =SUM(L19:L22) -> 0 | M18: =SUM(M19:M22) -> 0 | N18: =SUM(N19:N22) -> 0 | P18: =SUM(P19:P22) -> 0 | Q18: =SUM(Q19:Q22) -> 0 | R18: =SUM(R19:R22) -> 0
A19: 1.1.3.1 | B19: 0,4 кВ и ниже
A20: 1.1.3.2 | B20: 1-20 кВ
A21: 1.1.3.3 | B21: 35 кВ
A22: 1.1.3.4 | B22: 110 кВ и выше
A23: 1.1.4 | B23: Воздушные линии на деревянных опорах изолированным медным проводом сечением от 200 до 500 квадратных мм включительно на уровне напряжения: | D23: =SUM(D24:D27) -> 0 | E23: =SUM(E24:E27) -> 0 | F23: =SUM(F24:F27) -> 0 | H23: =SUM(H24:H27) -> 0 | I23: =SUM(I24:I27) -> 0 | J23: =SUM(J24:J27) -> 0 | L23: =SUM(L24:L27) -> 0 | M23: =SUM(M24:M27) -> 0 | N23: =SUM(N24:N27) -> 0 | P23: =SUM(P24:P27) -> 0 | Q23: =SUM(Q24:Q27) -> 0 | R23: =SUM(R24:R27) -> 0
A24: 1.1.4.1 | B24: 0,4 кВ и ниже
A25: 1.1.4.2 | B25: 1-20 кВ
A26: 1.1.4.3 | B26: 35 кВ
A27: 1.1.4.4 | B27: 110 кВ и выше
A28: 1.1.5 | B28: Воздушные линии на деревянных опорах изолированным медным проводом сечением от 500 до 800 квадратных мм включительно на уровне напряжения: | D28: =SUM(D29:D32) -> 0 | E28: =SUM(E29:E32) -> 0 | F28: =SUM(F29:F32) -> 0 | H28: =SUM(H29:H32) -> 0 | I28: =SUM(I29:I32) -> 0 | J28: =SUM(J29:J32) -> 0 | L28: =SUM(L29:L32) -> 0 | M28: =SUM(M29:M32) -> 0 | N28: =SUM(N29:N32) -> 0 | P28: =SUM(P29:P32) -> 0 | Q28: =SUM(Q29:Q32) -> 0 | R28: =SUM(R29:R32) -> 0
A29: 1.1.5.1 | B29: 0,4 кВ и ниже
A30: 1.1.5.2 | B30: 1-20 кВ
A31: 1.1.5.3 | B31: 35 кВ
A32: 1.1.5.4 | B32: 110 кВ и выше
A33: 1.1.6 | B33: Воздушные линии на деревянных опорах изолированным медным проводом сечением свыше 800 квадратных мм на уровне напряжения: | D33: =SUM(D34:D37) -> 0 | E33: =SUM(E34:E37) -> 0 | F33: =SUM(F34:F37) -> 0 | H33: =SUM(H34:H37) -> 0 | I33: =SUM(I34:I37) -> 0 | J33: =SUM(J34:J37) -> 0 | L33: =SUM(L34:L37) -> 0 | M33: =SUM(M34:M37) -> 0 | N33: =SUM(N34:N37) -> 0 | P33: =SUM(P34:P37) -> 0 | Q33: =SUM(Q34:Q37) -> 0 | R33: =SUM(R34:R37) -> 0
A34: 1.1.6.1 | B34: 0,4 кВ и ниже
A35: 1.1.6.2 | B35: 1-20 кВ
A36: 1.1.6.3 | B36: 35 кВ
A37: 1.1.6.4 | B37: 110 кВ и выше
A38: 1.2 | B38: Воздушные линии на деревянных опорах изолированным стальным проводом | D38: =D39+D44+D49+D54+D59+D64 -> 0 | E38: =E39+E44+E49+E54+E59+E64 -> 0 | F38: =F39+F44+F49+F54+F59+F64 -> 0 | H38: =H39+H44+H49+H54+H59+H64 -> 0 | I38: =I39+I44+I49+I54+I59+I64 -> 0 | J38: =J39+J44+J49+J54+J59+J64 -> 0 | L38: =L39+L44+L49+L54+L59+L64 -> 0 | M38: =M39+M44+M49+M54+M59+M64 -> 0 | N38: =N39+N44+N49+N54+N59+N64 -> 0 | P38: =P39+P44+P49+P54+P59+P64 -> 0 | Q38: =Q39+Q44+Q49+Q54+Q59+Q64 -> 0 | R38: =R39+R44+R49+R54+R59+R64 -> 0
A39: 1.2.1 | B39: Воздушные линии на деревянных опорах изолированным стальным проводом сечением до 50 квадратных мм включительно на уровне напряжения: | D39: =SUM(D40:D43) -> 0 | E39: =SUM(E40:E43) -> 0 | F39: =SUM(F40:F43) -> 0 | H39: =SUM(H40:H43) -> 0 | I39: =SUM(I40:I43) -> 0 | J39: =SUM(J40:J43) -> 0 | L39: =SUM(L40:L43) -> 0 | M39: =SUM(M40:M43) -> 0 | N39: =SUM(N40:N43) -> 0 | P39: =SUM(P40:P43) -> 0 | Q39: =SUM(Q40:Q43) -> 0 | R39: =SUM(R40:R43) -> 0
A40: 1.2.1.1 | B40: 0,4 кВ и ниже
A41: 1.2.1.2 | B41: 1-20 кВ
A42: 1.2.1.3 | B42: 35 кВ
A43: 1.2.1.4 | B43: 110 кВ и выше
A44: 1.2.2 | B44: Воздушные линии на деревянных опорах изолированным стальным проводом сечением от 50 до 100 квадратных мм включительно на уровне напряжения: | D44: =SUM(D45:D48) -> 0 | E44: =SUM(E45:E48) -> 0 | F44: =SUM(F45:F48) -> 0 | H44: =SUM(H45:H48) -> 0 | I44: =SUM(I45:I48) -> 0 | J44: =SUM(J45:J48) -> 0 | L44: =SUM(L45:L48) -> 0 | M44: =SUM(M45:M48) -> 0 | N44: =SUM(N45:N48) -> 0 | P44: =SUM(P45:P48) -> 0 | Q44: =SUM(Q45:Q48) -> 0 | R44: =SUM(R45:R48) -> 0
A45: 1.2.2.1 | B45: 0,4 кВ и ниже
A46: 1.2.2.2 | B46: 1-20 кВ
A47: 1.2.2.3 | B47: 35 кВ
A48: 1.2.2.4 | B48: 110 кВ и выше
A49: 1.2.3 | B49: Воздушные линии на деревянных опорах изолированным стальным проводом сечением от 100 до 200 квадратных мм включительно на уровне напряжения: | D49: =SUM(D50:D53) -> 0 | E49: =SUM(E50:E53) -> 0 | F49: =SUM(F50:F53) -> 0 | H49: =SUM(H50:H53) -> 0 | I49: =SUM(I50:I53) -> 0 | J49: =SUM(J50:J53) -> 0 | L49: =SUM(L50:L53) -> 0 | M49: =SUM(M50:M53) -> 0 | N49: =SUM(N50:N53) -> 0 | P49: =SUM(P50:P53) -> 0 | Q49: =SUM(Q50:Q53) -> 0 | R49: =SUM(R50:R53) -> 0
A50: 1.2.3.1 | B50: 0,4 кВ и ниже
A51: 1.2.3.2 | B51: 1-20 кВ
A52: 1.2.3.3 | B52: 35 кВ
A53: 1.2.3.4 | B53: 110 кВ и выше
A54: 1.2.4 | B54: Воздушные линии на деревянных опорах изолированным стальным проводом сечением от 200 до 500 квадратных мм включительно на уровне напряжения: | D54: =SUM(D55:D58) -> 0 | E54: =SUM(E55:E58) -> 0 | F54: =SUM(F55:F58) -> 0 | H54: =SUM(H55:H58) -> 0 | I54: =SUM(I55:I58) -> 0 | J54: =SUM(J55:J58) -> 0 | L54: =SUM(L55:L58) -> 0 | M54: =SUM(M55:M58) -> 0 | N54: =SUM(N55:N58) -> 0 | P54: =SUM(P55:P58) -> 0 | Q54: =SUM(Q55:Q58) -> 0 | R54: =SUM(R55:R58) -> 0
A55: 1.2.4.1 | B55: 0,4 кВ и ниже
A56: 1.2.4.2 | B56: 1-20 кВ
A57: 1.2.4.3 | B57: 35 кВ
A58: 1.2.4.4 | B58: 110 кВ и выше
A59: 1.2.5 | B59: Воздушные линии на деревянных опорах изолированным стальным проводом сечением от 500 до 800 квадратных мм включительно на уровне напряжения: | D59: =SUM(D60:D63) -> 0 | E59: =SUM(E60:E63) -> 0 | F59: =SUM(F60:F63) -> 0 | H59: =SUM(H60:H63) -> 0 | I59: =SUM(I60:I63) -> 0 | J59: =SUM(J60:J63) -> 0 | L59: =SUM(L60:L63) -> 0 | M59: =SUM(M60:M63) -> 0 | N59: =SUM(N60:N63) -> 0 | P59: =SUM(P60:P63) -> 0 | Q59: =SUM(Q60:Q63) -> 0 | R59: =SUM(R60:R63) -> 0
A60: 1.2.5.1 | B60: 0,4 кВ и ниже
A61: 1.2.5.2 | B61: 1-20 кВ
A62: 1.2.5.3 | B62: 35 кВ
A63: 1.2.5.4 | B63: 110 кВ и выше
A64: 1.2.6 | B64: Воздушные линии на деревянных опорах изолированным стальным проводом сечением свыше 800 квадратных мм на уровне напряжения: | D64: =SUM(D65:D68) -> 0 | E64: =SUM(E65:E68) -> 0 | F64: =SUM(F65:F68) -> 0 | H64: =SUM(H65:H68) -> 0 | I64: =SUM(I65:I68) -> 0 | J64: =SUM(J65:J68) -> 0 | L64: =SUM(L65:L68) -> 0 | M64: =SUM(M65:M68) -> 0 | N64: =SUM(N65:N68) -> 0 | P64: =SUM(P65:P68) -> 0 | Q64: =SUM(Q65:Q68) -> 0 | R64: =SUM(R65:R68) -> 0
A65: 1.2.6.1 | B65: 0,4 кВ и ниже
A66: 1.2.6.2 | B66: 1-20 кВ
A67: 1.2.6.3 | B67: 35 кВ
A68: 1.2.6.4 | B68: 110 кВ и выше
A69: 1.3 | B69: Воздушные линии на деревянных опорах изолированным сталеалюминиевым проводом | D69: =D70+D75+D80+D85+D90+D95 -> 0 | E69: =E70+E75+E80+E85+E90+E95 -> 0 | F69: =F70+F75+F80+F85+F90+F95 -> 0 | H69: =H70+H75+H80+H85+H90+H95 -> 0 | I69: =I70+I75+I80+I85+I90+I95 -> 0 | J69: =J70+J75+J80+J85+J90+J95 -> 0 | K69: =K70+K75+K80+K85+K90+K95 -> 0 | L69: =L70+L75+L80+L85+L90+L95 -> 0 | M69: =M70+M75+M80+M85+M90+M95 -> 0 | N69: =N70+N75+N80+N85+N90+N95 -> 0 | P69: =P70+P75+P80+P85+P90+P95 -> 0 | Q69: =Q70+Q75+Q80+Q85+Q90+Q95 -> 0 | R69: =R70+R75+R80+R85+R90+R95 -> 0
A70: 1.3.1 | B70: Воздушные линии на деревянных опорах изолированным сталеалюминиевым проводом сечением до 50 квадратных мм включительно на уровне напряжения: | D70: =SUM(D71:D74) -> 0 | E70: =SUM(E71:E74) -> 0 | F70: =SUM(F71:F74) -> 0 | H70: =SUM(H71:H74) -> 0 | I70: =SUM(I71:I74) -> 0 | J70: =SUM(J71:J74) -> 0 | L70: =SUM(L71:L74) -> 0 | M70: =SUM(M71:M74) -> 0 | N70: =SUM(N71:N74) -> 0 | P70: =SUM(P71:P74) -> 0 | Q70: =SUM(Q71:Q74) -> 0 | R70: =SUM(R71:R74) -> 0
A71: 1.3.1.1 | B71: 0,4 кВ и ниже
A72: 1.3.1.2 | B72: 1-20 кВ
A73: 1.3.1.3 | B73: 35 кВ
A74: 1.3.1.4 | B74: 110 кВ и выше
A75: 1.3.2 | B75: Воздушные линии на деревянных опорах изолированным сталеалюминиевым проводом сечением от 50 до 100 квадратных мм включительно на уровне напряжения: | D75: =SUM(D76:D79) -> 0 | E75: =SUM(E76:E79) -> 0 | F75: =SUM(F76:F79) -> 0 | H75: =SUM(H76:H79) -> 0 | I75: =SUM(I76:I79) -> 0 | J75: =SUM(J76:J79) -> 0 | L75: =SUM(L76:L79) -> 0 | M75: =SUM(M76:M79) -> 0 | N75: =SUM(N76:N79) -> 0 | P75: =SUM(P76:P79) -> 0 | Q75: =SUM(Q76:Q79) -> 0 | R75: =SUM(R76:R79) -> 0
A76: 1.3.2.1 | B76: 0,4 кВ и ниже
A77: 1.3.2.2 | B77: 1-20 кВ
A78: 1.3.2.3 | B78: 35 кВ
A79: 1.3.2.4 | B79: 110 кВ и выше
A80: 1.3.3 | B80: Воздушные линии на деревянных опорах изолированным сталеалюминиевым проводом сечением от 100 до 200 квадратных мм включительно на уровне напряжения: | D80: =SUM(D81:D84) -> 0 | E80: =SUM(E81:E84) -> 0 | F80: =SUM(F81:F84) -> 0 | H80: =SUM(H81:H84) -> 0 | I80: =SUM(I81:I84) -> 0 | J80: =SUM(J81:J84) -> 0 | L80: =SUM(L81:L84) -> 0 | M80: =SUM(M81:M84) -> 0 | N80: =SUM(N81:N84) -> 0 | P80: =SUM(P81:P84) -> 0 | Q80: =SUM(Q81:Q84) -> 0 | R80: =SUM(R81:R84) -> 0
A81: 1.3.3.1 | B81: 0,4 кВ и ниже
A82: 1.3.3.2 | B82: 1-20 кВ
A83: 1.3.3.3 | B83: 35 кВ
A84: 1.3.3.4 | B84: 110 кВ и выше
A85: 1.3.4 | B85: Воздушные линии на деревянных опорах изолированным сталеалюминиевым проводом сечением от 200 до 500 квадратных мм включительно на уровне напряжения: | D85: =SUM(D86:D89) -> 0 | E85: =SUM(E86:E89) -> 0 | F85: =SUM(F86:F89) -> 0 | H85: =SUM(H86:H89) -> 0 | I85: =SUM(I86:I89) -> 0 | J85: =SUM(J86:J89) -> 0 | L85: =SUM(L86:L89) -> 0 | M85: =SUM(M86:M89) -> 0 | N85: =SUM(N86:N89) -> 0 | P85: =SUM(P86:P89) -> 0 | Q85: =SUM(Q86:Q89) -> 0 | R85: =SUM(R86:R89) -> 0
A86: 1.3.4.1 | B86: 0,4 кВ и ниже
A87: 1.3.4.2 | B87: 1-20 кВ
A88: 1.3.4.3 | B88: 35 кВ
A89: 1.3.4.4 | B89: 110 кВ и выше
A90: 1.3.5 | B90: Воздушные линии на деревянных опорах изолированным сталеалюминиевым проводом сечением от 500 до 800 квадратных мм включительно на уровне напряжения: | D90: =SUM(D91:D94) -> 0 | E90: =SUM(E91:E94) -> 0 | F90: =SUM(F91:F94) -> 0 | H90: =SUM(H91:H94) -> 0 | I90: =SUM(I91:I94) -> 0 | J90: =SUM(J91:J94) -> 0 | L90: =SUM(L91:L94) -> 0 | M90: =SUM(M91:M94) -> 0 | N90: =SUM(N91:N94) -> 0 | P90: =SUM(P91:P94) -> 0 | Q90: =SUM(Q91:Q94) -> 0 | R90: =SUM(R91:R94) -> 0
A91: 1.3.5.1 | B91: 0,4 кВ и ниже
A92: 1.3.5.2 | B92: 1-20 кВ
A93: 1.3.5.3 | B93: 35 кВ
A94: 1.3.5.4 | B94: 110 кВ и выше
A95: 1.3.6 | B95: Воздушные линии на деревянных опорах изолированным сталеалюминиевым проводом сечением свыше 800 квадратных мм на уровне напряжения: | D95: =SUM(D96:D99) -> 0 | E95: =SUM(E96:E99) -> 0 | F95: =SUM(F96:F99) -> 0 | H95: =SUM(H96:H99) -> 0 | I95: =SUM(I96:I99) -> 0 | J95: =SUM(J96:J99) -> 0 | L95: =SUM(L96:L99) -> 0 | M95: =SUM(M96:M99) -> 0 | N95: =SUM(N96:N99) -> 0 | P95: =SUM(P96:P99) -> 0 | Q95: =SUM(Q96:Q99) -> 0 | R95: =SUM(R96:R99) -> 0
A96: 1.3.6.1 | B96: 0,4 кВ и ниже
A97: 1.3.6.2 | B97: 1-20 кВ
A98: 1.3.6.3 | B98: 35 кВ
A99: 1.3.6.4 | B99: 110 кВ и выше
A100: 1.4 | B100: Воздушные линии на деревянных опорах изолированным алюминиевым проводом | D100: =D101+D106+D111+D116+D121+D126 -> 0 | E100: =E101+E106+E111+E116+E121+E126 -> 0 | F100: =F101+F106+F111+F116+F121+F126 -> 0 | H100: =H101+H106+H111+H116+H121+H126 -> 0 | I100: =I101+I106+I111+I116+I121+I126 -> 0 | J100: =J101+J106+J111+J116+J121+J126 -> 0 | L100: =L101+L106+L111+L116+L121+L126 -> 0 | M100: =M101+M106+M111+M116+M121+M126 -> 0 | N100: =N101+N106+N111+N116+N121+N126 -> 0 | P100: =P101+P106+P111+P116+P121+P126 -> 0 | Q100: =Q101+Q106+Q111+Q116+Q121+Q126 -> 0 | R100: =R101+R106+R111+R116+R121+R126 -> 0
...

Sheet Прил. № 2.2 (год-2)
A1: Приложение № 2.2 к Методическим указаниям по определению размера платы за технологическое присоединение к электрическим сетям
A2: ="Расходы на выполнение мероприятий по технологическому присоединению, предусмотренных пунктами 'а' и 'в' пункта 16 Методических указаний за " &IF(Титульный!C12="","--- выберите период на листе Титульный ---",(Титульный!C12-2)) & " год" -> Расходы на выполнение мероприятий по технологическому присоединению, предусмотренных пунктами 'а' и 'в' пункта 16 Методических указаний за 2018 год
A3: № п/п | B3: Наименование мероприятий | C3: ="Год формирования расходов (согласно учетной политике сетевой организации) за " &IF(Титульный!C12="","--- выберите период на листе Титульный ---",(Титульный!C12-2)) & " год" -> Год формирования расходов (согласно учетной политике сетевой организации) за 2018 год
C4: Информация для расчета стандартизированной тарифной ставки С1 с учетом дифференциации по уровням напряжения и максимальной мощности | R4: расходы на одно присоединение (руб. на 1 ТП)
C5: расходы согласно Приложению № 3 по каждому мероприятию (тыс. руб.) | H5: количество технологических присоединений (шт.) | M5: объем максимальной мощности (кВт) | Q5: Итого расходы на одно присоединение (тыс.руб. на 1 ТП) (гр.7/ гр.12)
C6: до 20 кВ включительно | E6: свыше 20 кВ | G6: Итого (гр.3+гр.4+гр.5 +гр.6) | H6: до 20 кВ включительно | J6: свыше 20 кВ | L6: Итого (гр.8+гр.9+гр.10+гр.11) | M6: до 20 кВ включительно | O6: свыше 20 кВ | R6: до 35 кВ | T6: свыше 35 кВ включительно
C7: до 670 кВт | D7: свыше 670 кВт включительно | E7: до 670 кВт | F7: свыше 670 кВт включительно | H7: до 670 кВт | I7: свыше 670 кВт включительно | J7: до 670 кВт | K7: свыше 670 кВт включительно | M7: до 670 кВт | N7: свыше 670 кВт включительно | O7: до 670 кВт | P7: свыше 670 кВт включительно | R7: до 8900 кВт | S7: свыше 8900 кВт включительно | T7: до 8900 кВт | U7: свыше 8900 кВт включительно
A8: 1 | B8: 2 | C8: 3 | D8: 4 | E8: 5 | F8: 6 | G8: 7 | H8: 8 | I8: 9 | J8: 10 | K8: 11 | L8: 12 | M8: 13 | N8: 14 | O8: 15 | P8: 16 | Q8: 17 | R8: 15 | S8: 16 | T8: 17 | U8: 18
A9: для территорий городских населенных пунктов
A10: 1 | B10: Подготовка и выдача сетевой организацией технических условий заявителю | G10: =C10+D10+E10+F10 -> 0 | L10: =H10+I10+J10+K10 -> 0 | Q10: - | R10: =IF(H10=0,0,C10/H10) -> 0 | S10: =IF(I10=0,0,D10/I10) -> 0 | T10: =IF(J10=0,0,E10/J10) -> 0 | U10: =IF(K10=0,0,F10/K10) -> 0
A11: 2 | B11: Проверка сетевой организацией выполнения заявителем технических условий | G11: =C11+D11+E11+F11 -> 0 | L11: =H11+I11+J11+K11 -> 0 | Q11: - | R11: =IF(H11=0,0,C11/H11) -> 0 | S11: =IF(I11=0,0,D11/I11) -> 0 | T11: =IF(J11=0,0,E11/J11) -> 0 | U11: =IF(K11=0,0,F11/K11) -> 0
A12: 3 | B12: Итого | C12: =C10+C11 -> 0 | D12: =D10+D11 -> 0 | E12: =E10+E11 -> 0 | F12: =F10+F11 -> 0 | H12: =H10+H11 -> 0 | I12: =I10+I11 -> 0 | J12: =J10+J11 -> 0 | K12: =K10+K11 -> 0 | M12: =M10+M11 -> 0 | N12: =N10+N11 -> 0 | O12: =O10+O11 -> 0 | P12: =P10+P11 -> 0 | R12: =IF(H12=0,0,C12/H12) -> 0 | S12: =IF(I12=0,0,D12/I12) -> 0 | T12: =IF(J12=0,0,E12/J12) -> 0 | U12: =IF(K12=0,0,F12/K12) -> 0
A13: для территорий, не относящихся к городским населенным пунктам
A14: 3 | B14: Подготовка и выдача сетевой организацией технических условий заявителю | G14: =C14+D14+E14+F14 -> 0 | L14: =H14+I14+J14+K14 -> 0 | Q14: - | R14: =IF(H14=0,0,C14/H14) -> 0 | S14: =IF(I14=0,0,D14/I14) -> 0 | T14: =IF(J14=0,0,E14/J14) -> 0 | U14: =IF(K14=0,0,F14/K14) -> 0
A15: 4 | B15: Проверка сетевой организацией выполнения заявителем технических условий | G15: =C15+D15+E15+F15 -> 0 | L15: =H15+I15+J15+K15 -> 0 | Q15: - | R15: =IF(H15=0,0,C15/H15) -> 0 | S15: =IF(I15=0,0,D15/I15) -> 0 | T15: =IF(J15=0,0,E15/J15) -> 0 | U15: =IF(K15=0,0,F15/K15) -> 0
A16: 6 | B16: Итого | C16: =C14+C15 -> 0 | D16: =D14+D15 -> 0 | E16: =E14+E15 -> 0 | F16: =F14+F15 -> 0 | H16: =H14+H15 -> 0 | I16: =I14+I15 -> 0 | J16: =J14+J15 -> 0 | K16: =K14+K15 -> 0 | M16: =M14+M15 -> 0 | N16: =N14+N15 -> 0 | O16: =O14+O15 -> 0 | P16: =P14+P15 -> 0 | R16: =IF(H16=0,0,C16/H16) -> 0 | S16: =IF(I16=0,0,D16/I16) -> 0 | T16: =IF(J16=0,0,E16/J16) -> 0 | U16: =IF(K16=0,0,F16/K16) -> 0
A17: 7 | B17: Всего (сумма по п.3 и п.6) | C17: =C12+C16 -> 0 | D17: =D12+D16 -> 0 | E17: =E12+E16 -> 0 | F17: =F12+F16 -> 0 | H17: =H12+H16 -> 0 | I17: =I12+I16 -> 0 | J17: =J12+J16 -> 0 | K17: =K12+K16 -> 0 | M17: =M12+M16 -> 0 | N17: =N12+N16 -> 0 | O17: =O12+O16 -> 0 | P17: =P12+P16 -> 0 | R17: =IF(H17=0,0,C17/H17) -> 0 | S17: =IF(I17=0,0,D17/I17) -> 0 | T17: =IF(J17=0,0,E17/J17) -> 0 | U17: =IF(K17=0,0,F17/K17) -> 0
A18: итого для территорий городских населенных пунктов и территорий, не относящихся к территориям городских населенных пунктов
A19: 5 | B19: Подготовка и выдача сетевой организацией технических условий заявителю итого (п.1+п.3) | C19: - | D19: - | E19: - | F19: - | G19: =G10+G14 -> 0 | H19: - | I19: - | J19: - | K19: - | L19: =L10+L14 -> 0 | M19: - | N19: - | O19: - | P19: - | Q19: =IF(L19=0,0,G19/L19) -> 0
A20: 6 | B20: Проверка сетевой организацией выполнения заявителем технических условий итого (п.2+п.4) | C20: - | D20: - | E20: - | F20: - | G20: =G11+G15 -> 0 | H20: - | I20: - | J20: - | K20: - | L20: =L11+L15 -> 0 | M20: - | N20: - | O20: - | P20: - | Q20: =IF(L20=0,0,G20/L20) -> 0

Sheet Прил. № 2.3 (год-1)
A1: Приложение № 2.3 к Методическим указаниям по определению размера платы за технологическое присоединение к электрическим сетям
A2: ="Расходы на выполнение мероприятий по технологическому присоединению, предусмотренных пунктами 'а' и 'в' пункта 16 Методических указаний за " &IF(Титульный!C12="","--- выберите период на листе Титульный ---",(Титульный!C12-1)) & " год" -> Расходы на выполнение мероприятий по технологическому присоединению, предусмотренных пунктами 'а' и 'в' пункта 16 Методических указаний за 2019 год
A3: № п/п | B3: Наименование мероприятий | C3: ="Год формирования расходов (согласно учетной политике сетевой организации) за " &IF(Титульный!C12="","--- выберите период на листе Титульный ---",(Титульный!C12-1)) & " год" -> Год формирования расходов (согласно учетной политике сетевой организации) за 2019 год
C4: Информация для расчета стандартизированной тарифной ставки С1 с учетом дифференциации по уровням напряжения и максимальной мощности | R4: расходы на одно присоединение (руб. на 1 ТП)
C5: расходы согласно Приложению № 3 по каждому мероприятию (тыс. руб.) | H5: количество технологических присоединений (шт.) | M5: объем максимальной мощности (кВт) | Q5: Итого расходы на одно присоединение (тыс.руб. на 1 ТП) (гр.7/ гр.12)
C6: до 20 кВ включительно | E6: свыше 20 кВ | G6: Итого (гр.3+гр.4+гр.5 +гр.6) | H6: до 20 кВ включительно | J6: свыше 20 кВ | L6: Итого (гр.8+гр.9+гр.10+гр.11) | M6: до 20 кВ включительно | O6: свыше 20 кВ | R6: до 35 кВ | T6: свыше 35 кВ включительно
C7: до 670 кВт | D7: свыше 670 кВт включительно | E7: до 670 кВт | F7: свыше 670 кВт включительно | H7: до 670 кВт | I7: свыше 670 кВт включительно | J7: до 670 кВт | K7: свыше 670 кВт включительно | M7: до 670 кВт | N7: свыше 670 кВт включительно | O7: до 670 кВт | P7: свыше 670 кВт включительно | R7: до 8900 кВт | S7: свыше 8900 кВт включительно | T7: до 8900 кВт | U7: свыше 8900 кВт включительно
A8: 1 | B8: 2 | C8: 3 | D8: 4 | E8: 5 | F8: 6 | G8: 7 | H8: 8 | I8: 9 | J8: 10 | K8: 11 | L8: 12 | M8: 13 | N8: 14 | O8: 15 | P8: 16 | Q8: 17 | R8: 15 | S8: 16 | T8: 17 | U8: 18
A9: для территорий городских населенных пунктов
A10: 1 | B10: Подготовка и выдача сетевой организацией технических условий заявителю | C10: 37.59 | G10: =C10+D10+E10+F10 -> 37.59 | H10: 6 | L10: =H10+I10+J10+K10 -> 6 | M10: =15*H10 -> 90 | Q10: - | R10: =IF(H10=0,0,C10/H10) -> 6.265 | S10: =IF(I10=0,0,D10/I10) -> 0 | T10: =IF(J10=0,0,E10/J10) -> 0 | U10: =IF(K10=0,0,F10/K10) -> 0
A11: 2 | B11: Проверка сетевой организацией выполнения заявителем технических условий | C11: 229.84 | G11: =C11+D11+E11+F11 -> 229.84 | H11: 6 | L11: =H11+I11+J11+K11 -> 6 | M11: =M10 -> 90 | Q11: - | R11: =IF(H11=0,0,C11/H11) -> 38.306667 | S11: =IF(I11=0,0,D11/I11) -> 0 | T11: =IF(J11=0,0,E11/J11) -> 0 | U11: =IF(K11=0,0,F11/K11) -> 0
A12: 3 | B12: Итого | C12: =C10+C11 -> 267.43 | D12: =D10+D11 -> 0 | E12: =E10+E11 -> 0 | F12: =F10+F11 -> 0 | H12: =H10+H11 -> 12 | I12: =I10+I11 -> 0 | J12: =J10+J11 -> 0 | K12: =K10+K11 -> 0 | M12: =M10+M11 -> 180 | N12: =N10+N11 -> 0 | O12: =O10+O11 -> 0 | P12: =P10+P11 -> 0 | R12: =IF(H12=0,0,C12/H12) -> 22.285833 | S12: =IF(I12=0,0,D12/I12) -> 0 | T12: =IF(J12=0,0,E12/J12) -> 0 | U12: =IF(K12=0,0,F12/K12) -> 0
A13: для территорий, не относящихся к городским населенным пунктам
A14: 3 | B14: Подготовка и выдача сетевой организацией технических условий заявителю | G14: =C14+D14+E14+F14 -> 0 | L14: =H14+I14+J14+K14 -> 0 | Q14: - | R14: =IF(H14=0,0,C14/H14) -> 0 | S14: =IF(I14=0,0,D14/I14) -> 0 | T14: =IF(J14=0,0,E14/J14) -> 0 | U14: =IF(K14=0,0,F14/K14) -> 0
A15: 4 | B15: Проверка сетевой организацией выполнения заявителем технических условий | G15: =C15+D15+E15+F15 -> 0 | L15: =H15+I15+J15+K15 -> 0 | Q15: - | R15: =IF(H15=0,0,C15/H15) -> 0 | S15: =IF(I15=0,0,D15/I15) -> 0 | T15: =IF(J15=0,0,E15/J15) -> 0 | U15: =IF(K15=0,0,F15/K15) -> 0
A16: 6 | B16: Итого | C16: =C14+C15 -> 0 | D16: =D14+D15 -> 0 | E16: =E14+E15 -> 0 | F16: =F14+F15 -> 0 | H16: =H14+H15 -> 0 | I16: =I14+I15 -> 0 | J16: =J14+J15 -> 0 | K16: =K14+K15 -> 0 | M16: =M14+M15 -> 0 | N16: =N14+N15 -> 0 | O16: =O14+O15 -> 0 | P16: =P14+P15 -> 0 | R16: =IF(H16=0,0,C16/H16) -> 0 | S16: =IF(I16=0,0,D16/I16) -> 0 | T16: =IF(J16=0,0,E16/J16) -> 0 | U16: =IF(K16=0,0,F16/K16) -> 0
A17: 7 | B17: Всего (сумма по п.3 и п.6) | C17: =C12+C16 -> 267.43 | D17: =D12+D16 -> 0 | E17: =E12+E16 -> 0 | F17: =F12+F16 -> 0 | H17: =H12+H16 -> 12 | I17: =I12+I16 -> 0 | J17: =J12+J16 -> 0 | K17: =K12+K16 -> 0 | M17: =M12+M16 -> 180 | N17: =N12+N16 -> 0 | O17: =O12+O16 -> 0 | P17: =P12+P16 -> 0 | R17: =IF(H17=0,0,C17/H17) -> 22.285833 | S17: =IF(I17=0,0,D17/I17) -> 0 | T17: =IF(J17=0,0,E17/J17) -> 0 | U17: =IF(K17=0,0,F17/K17) -> 0
A18: итого для территорий городских населенных пунктов и территорий, не относящихся к территориям городских населенных пунктов
A19: 5 | B19: Подготовка и выдача сетевой организацией технических условий заявителю итого (п.1+п.3) | C19: - | D19: - | E19: - | F19: - | G19: =G10+G14 -> 37.59 | H19: - | I19: - | J19: - | K19: - | L19: =L10+L14 -> 6 | M19: - | N19: - | O19: - | P19: - | Q19: =IF(L19=0,0,G19/L19) -> 6.265
A20: 6 | B20: Проверка сетевой организацией выполнения заявителем технических условий итого (п.2+п.4) | C20: - | D20: - | E20: - | F20: - | G20: =G11+G15 -> 229.84 | H20: - | I20: - | J20: - | K20: - | L20: =L11+L15 -> 6 | M20: - | N20: - | O20: - | P20: - | Q20: =IF(L20=0,0,G20/L20) -> 38.306667

Sheet Прил. № 3.1 ('а' п.16)
A1: Приложение № 3.1 к Методическим указаниям по определению размера платы за технологическое присоединение к электрическим сетям
A2: ="Расчет фактических расходов на выполнение мероприятий по технологическому присоединению, связанных с подготовкой и выдачей сетевой организацией технических условий заявителю, предусмотренных подпунктом 'а' пункта 16 Методических указаний за " &IF(Титульный!C12="","--- выберите период на листе Титульный ---",(Титульный!C12-3) & "–" & (Титульный!C12-1) ) & " годы" -> Расчет фактических расходов на выполнение мероприятий по технологическому присоединению, связанных с подготовкой и выдачей сетевой организацией технических условий заявителю, предусмотренных подпунктом 'а' пункта 16 Методических указаний за 2017–2019 годы
A3: № п/п | B3: Показатели | C3: =CONCATENATE("Данные за " &IF(Титульный!C12="","--- выберите период на листе Титульный ---",(Титульный!C12-1)) & " год,", CHAR(10)," тыс. рублей") -> Данные за 2019 год, тыс. рублей | D3: =CONCATENATE("Данные за " &IF(Титульный!C12="","--- выберите период на листе Титульный ---",(Титульный!C12-2)) & " год,", CHAR(10)," тыс. рублей") -> Данные за 2018 год, тыс. рублей | E3: =CONCATENATE("Данные за " &IF(Титульный!C12="","--- выберите период на листе Титульный ---",(Титульный!C12-3)) & " год,", CHAR(10)," тыс. рублей") -> Данные за 2017 год, тыс. рублей | F3: Итого, тыс. рублей
A4: 1 | B4: 2 | C4: 3 | D4: 4 | E4: 5 | F4: 6
A5: 1 | B5: Расходы по выполнению мероприятий по технологическому присоединению, всего | C5: =C6+C7+C8+C9+C10+C19 -> 37.58996 | D5: =D6+D7+D8+D9+D10+D19 -> 0 | E5: =E6+E7+E8+E9+E10+E19 -> 0 | F5: =C5+D5+E5 -> 37.58996
A6: 1.1 | B6: Вспомогательные материалы | C6: =8.377+0.04584 -> 8.42284 | F6: =C6+D6+E6 -> 8.42284
A7: 1.2 | B7: Энергия на хозяйственные нужды | F7: =C7+D7+E7 -> 0
A8: 1.3 | B8: Оплата труда ППП | C8: 13.21391 | F8: =C8+D8+E8 -> 13.21391
A9: 1.4 | B9: Отчисления на страховые взносы | C9: 3.70282 | F9: =C9+D9+E9 -> 3.70282
A10: 1.5 | B10: Прочие расходы, всего, втом числе: | C10: =SUM(C11:C13) -> 12.25039 | D10: =SUM(D11:D13) -> 0 | E10: =SUM(E11:E13) -> 0 | F10: =C10+D10+E10 -> 12.25039
A11: 1.5.1 | B11: работы и услуги производственного характера | C11: 6.19195 | F11: =C11+D11+E11 -> 6.19195
A12: 1.5.2 | B12: налоги и сборы, уменьшающие налогооблагаемую базу на прибыль организаций, всего | F12: =C12+D12+E12 -> 0
A13: 1.5.3 | B13: работы и услуги непроизводственного характера, в т.ч.: | C13: =SUM(C14:C18) -> 6.05844 | D13: =SUM(D14:D18) -> 0 | E13: =SUM(E14:E18) -> 0 | F13: =C13+D13+E13 -> 6.05844
A14: 1.5.3.1 | B14: услуги связи | C14: 0.18727 | F14: =C14+D14+E14 -> 0.18727
A15: 1.5.3.2 | B15: расходы на охрану и пожарную безопасность | F15: =C15+D15+E15 -> 0
A16: 1.5.3.3 | B16: расходы на информационное обслуживание, иные услуги, связанные с деятельностью по технологическому присоединению | C16: 0.04194 | F16: =C16+D16+E16 -> 0.04194
A17: 1.5.3.4 | B17: плата за аренду имущества | C17: 2.33277 | F17: =C17+D17+E17 -> 2.33277
A18: 1.5.3.5 | B18: другие прочие расходы, связанные с производством и реализацией | C18: =37.59046-34.094 -> 3.49646 | F18: =C18+D18+E18 -> 3.49646
A19: 1.6 | B19: Внереализованные расходы, всего | C19: =SUM(C20:C23) -> 0 | D19: =SUM(D20:D23) -> 0 | E19: =SUM(E20:E23) -> 0 | F19: =C19+D19+E19 -> 0
A20: 1.6.1 | B20: расходы на услуги банков | F20: =C20+D20+E20 -> 0
A21: 1.6.2 | B21: % за пользование кредитом | F21: =C21+D21+E21 -> 0
A22: 1.6.3 | B22: прочие обоснованные расходы | F22: =C22+D22+E22 -> 0
A23: 1.6.4 | B23: денежные выплаты социального характера ( по Коллективному договору) | F23: =C23+D23+E23 -> 0

Sheet Прил. № 3.2 ('в' п.16)
A1: Приложение № 3.2 к Методическим указаниям по определению размера платы за технологическое присоединение к электрическим сетям
A2: ="Расчет фактических расходов на выполнение мероприятий по технологическому присоединению, связанных с проверкой сетевой организацией выполнения заявителем технических условий, предусмотренных подпунктом 'в' пункта 16 Методических указаний за " &IF(Титульный!C12="","--- выберите период на листе Титульный ---",(Титульный!C12-3) & "–" & (Титульный!C12-1) ) & " годы" -> Расчет фактических расходов на выполнение мероприятий по технологическому присоединению, связанных с проверкой сетевой организацией выполнения заявителем технических условий, предусмотренных подпунктом 'в' пункта 16 Методических указаний за 2017–2019 годы
A3: № п/п | B3: Показатели | C3: =CONCATENATE("Данные за " &IF(Титульный!C12="","--- выберите период на листе Титульный ---",(Титульный!C12-1)) & " год,", CHAR(10)," тыс. рублей") -> Данные за 2019 год, тыс. рублей | D3: =CONCATENATE("Данные за " &IF(Титульный!C12="","--- выберите период на листе Титульный ---",(Титульный!C12-2)) & " год,", CHAR(10)," тыс. рублей") -> Данные за 2018 год, тыс. рублей | E3: =CONCATENATE("Данные за " &IF(Титульный!C12="","--- выберите период на листе Титульный ---",(Титульный!C12-3)) & " год,", CHAR(10)," тыс. рублей") -> Данные за 2017 год, тыс. рублей | F3: Итого, тыс. рублей
A4: 1 | B4: 2 | C4: 3 | D4: 4 | E4: 5 | F4: 6
A5: 1 | B5: Расходы по выполнению мероприятий по технологическому присоединению, всего | C5: =C6+C7+C8+C9+C10+C19 -> 229.8408 | D5: =D6+D7+D8+D9+D10+D19 -> 0 | E5: =E6+E7+E8+E9+E10+E19 -> 0 | F5: =C5+D5+E5 -> 229.8408
A6: 1.1 | B6: Вспомогательные материалы | C6: =3124.59/1000 -> 3.12459 | F6: =C6+D6+E6 -> 3.12459
A7: 1.2 | B7: Энергия на хозяйственные нужды | F7: =C7+D7+E7 -> 0
A8: 1.3 | B8: Оплата труда ППП | C8: =57299.63/1000 -> 57.29963 | F8: =C8+D8+E8 -> 57.29963
A9: 1.4 | B9: Отчисления на страховые взносы | C9: =4319.95/1000 -> 4.31995 | F9: =C9+D9+E9 -> 4.31995
A10: 1.5 | B10: Прочие расходы, всего, втом числе: | C10: =SUM(C11:C13) -> 165.09663 | D10: =SUM(D11:D13) -> 0 | E10: =SUM(E11:E13) -> 0 | F10: =C10+D10+E10 -> 165.09663
A11: 1.5.1 | B11: работы и услуги производственного характера | C11: =148569.04/1000 -> 148.56904 | F11: =C11+D11+E11 -> 148.56904
A12: 1.5.2 | B12: налоги и сборы, уменьшающие налогооблагаемую базу на прибыль организаций, всего | F12: =C12+D12+E12 -> 0
A13: 1.5.3 | B13: работы и услуги непроизводственного характера, в т.ч.: | C13: =SUM(C14:C18) -> 16.52759 | D13: =SUM(D14:D18) -> 0 | E13: =SUM(E14:E18) -> 0 | F13: =C13+D13+E13 -> 16.52759
A14: 1.5.3.1 | B14: услуги связи | F14: =C14+D14+E14 -> 0
A15: 1.5.3.2 | B15: расходы на охрану и пожарную безопасность | F15: =C15+D15+E15 -> 0
A16: 1.5.3.3 | B16: расходы на информационное обслуживание, иные услуги, связанные с деятельностью по технологическому присоединению | F16: =C16+D16+E16 -> 0
A17: 1.5.3.4 | B17: плата за аренду имущества | C17: =2983.52/1000 -> 2.98352 | F17: =C17+D17+E17 -> 2.98352
A18: 1.5.3.5 | B18: другие прочие расходы, связанные с производством и реализацией | C18: =13544.07/1000 -> 13.54407 | F18: =C18+D18+E18 -> 13.54407
A19: 1.6 | B19: Внереализованные расходы, всего | C19: =SUM(C20:C23) -> 0 | D19: =SUM(D20:D23) -> 0 | E19: =SUM(E20:E23) -> 0 | F19: =C19+D19+E19 -> 0
A20: 1.6.1 | B20: расходы на услуги банков | F20: =C20+D20+E20 -> 0
A21: 1.6.2 | B21: % за пользование кредитом | F21: =C21+D21+E21 -> 0
A22: 1.6.3 | B22: прочие обоснованные расходы | F22: =C22+D22+E22 -> 0
A23: 1.6.4 | B23: денежные выплаты социального характера ( по Коллективному договору) | F23: =C23+D23+E23 -> 0

Sheet Прил. № 5.1.1 город (год-3)
A1: Приложение № 5.1.1 к Методическим указаниям по определению размера платы за технологическое присоединение к электрическим сетям
A2: Сведения о строительстве линий электропередачи, а также об обеспечении средствами коммерческого учета электрической энергии (мощности) при технологическом присоединении энергопринимающих устройств максимальной мощностью менее 670 кВт и на уровне напряжения 20 кВ и менее (заполняется для территорий городских населенных пунктов)
A3: № п/п | B3: Объект электросетевого хозяйства/Средство коммерческого учета электрической энергии (мощности) | C3: Год ввода объекта 2017
C4: уровень напряжения, кВ | D4: протяженность (для линий электропередачи), км. / количество (для средств коммерческого учета ээ), шт. | E4: максимальная мощность (менее 670 кВт), кВт
A5: 1 | B5: 2 | C5: 3 | D5: 4 | E5: 5
A6: 1 | B6: СТРОИТЕЛЬСТВО ВОЗДУШНЫХ ЛИНИЙ ЭЛЕКТРОПЕРЕДАЧИ | D6: =D7+D26+D45+D64+D83+D102+D121+D140+D159+D178+D197+D216+D235+D254+D273+D292+D311+D330+D349+D368+D387+D406+D425+D444 -> 0 | E6: =E7+E26+E45+E64+E83+E102+E121+E140+E159+E178+E197+E216+E235+E254+E273+E292+E311+E330+E349+E368+E387+E406+E425+E444 -> 0
A7: 1.1. | B7: Воздушные линии на деревянных опорах изолированным медным проводом | D7: =D8+D11+D14+D17+D20+D23 -> 0 | E7: =E8+E11+E14+E17+E20+E23 -> 0
A8: 1.1.1 | B8: Воздушные линии на деревянных опорах изолированным медным проводом сечением до 50 квадратных мм включительно на уровне напряжения: | D8: =SUM(D9:D10) -> 0 | E8: =SUM(E9:E10) -> 0
A9: 1.1.1.1 | B9: 0,4 кВ и ниже
A10: 1.1.1.2 | B10: 1-20 кВ
A11: 1.1.2 | B11: Воздушные линии на деревянных опорах изолированным медным проводом сечением от 50 до 100 квадратных мм включительно на уровне напряжения: | D11: =SUM(D12:D13) -> 0 | E11: =SUM(E12:E13) -> 0
A12: 1.1.2.1 | B12: 0,4 кВ и ниже
A13: 1.1.2.2 | B13: 1-20 кВ
A14: 1.1.3 | B14: Воздушные линии на деревянных опорах изолированным медным проводом сечением от 100 до 200 квадратных мм включительно на уровне напряжения: | D14: =SUM(D15:D16) -> 0 | E14: =SUM(E15:E16) -> 0
A15: 1.1.3.1 | B15: 0,4 кВ и ниже
A16: 1.1.3.2 | B16: 1-20 кВ
A17: 1.1.4 | B17: Воздушные линии на деревянных опорах изолированным медным проводом сечением от 200 до 500 квадратных мм включительно на уровне напряжения: | D17: =SUM(D18:D19) -> 0 | E17: =SUM(E18:E19) -> 0
A18: 1.1.4.1 | B18: 0,4 кВ и ниже
A19: 1.1.4.2 | B19: 1-20 кВ
A20: 1.1.5 | B20: Воздушные линии на деревянных опорах изолированным медным проводом сечением от 500 до 800 квадратных мм включительно на уровне напряжения: | D20: =SUM(D21:D22) -> 0 | E20: =SUM(E21:E22) -> 0
A21: 1.1.5.1 | B21: 0,4 кВ и ниже
A22: 1.1.5.2 | B22: 1-20 кВ
A23: 1.1.6 | B23: Воздушные линии на деревянных опорах изолированным медным проводом сечением свыше 800 квадратных мм на уровне напряжения: | D23: =SUM(D24:D25) -> 0 | E23: =SUM(E24:E25) -> 0
A24: 1.1.6.1 | B24: 0,4 кВ и ниже
A25: 1.1.6.2 | B25: 1-20 кВ
A26: 1.2 | B26: Воздушные линии на деревянных опорах изолированным стальным проводом | D26: =D27+D30+D33+D36+D39+D42 -> 0 | E26: =E27+E30+E33+E36+E39+E42 -> 0
A27: 1.2.1 | B27: Воздушные линии на деревянных опорах изолированным стальным проводом сечением до 50 квадратных мм включительно на уровне напряжения: | D27: =SUM(D28:D29) -> 0 | E27: =SUM(E28:E29) -> 0
A28: 1.2.1.1 | B28: 0,4 кВ и ниже
A29: 1.2.1.2 | B29: 1-20 кВ
A30: 1.2.2 | B30: Воздушные линии на деревянных опорах изолированным стальным проводом сечением от 50 до 100 квадратных мм включительно на уровне напряжения: | D30: =SUM(D31:D32) -> 0 | E30: =SUM(E31:E32) -> 0
A31: 1.2.2.1 | B31: 0,4 кВ и ниже
A32: 1.2.2.2 | B32: 1-20 кВ
A33: 1.2.3 | B33: Воздушные линии на деревянных опорах изолированным стальным проводом сечением от 100 до 200 квадратных мм включительно на уровне напряжения: | D33: =SUM(D34:D35) -> 0 | E33: =SUM(E34:E35) -> 0
A34: 1.2.3.1 | B34: 0,4 кВ и ниже
A35: 1.2.3.2 | B35: 1-20 кВ
A36: 1.2.4 | B36: Воздушные линии на деревянных опорах изолированным стальным проводом сечением от 200 до 500 квадратных мм включительно на уровне напряжения: | D36: =SUM(D37:D38) -> 0 | E36: =SUM(E37:E38) -> 0
A37: 1.2.4.1 | B37: 0,4 кВ и ниже
A38: 1.2.4.2 | B38: 1-20 кВ
A39: 1.2.5 | B39: Воздушные линии на деревянных опорах изолированным стальным проводом сечением от 500 до 800 квадратных мм включительно на уровне напряжения: | D39: =SUM(D40:D41) -> 0 | E39: =SUM(E40:E41) -> 0
A40: 1.2.5.1 | B40: 0,4 кВ и ниже
A41: 1.2.5.2 | B41: 1-20 кВ
A42: 1.2.6 | B42: Воздушные линии на деревянных опорах изолированным стальным проводом сечением свыше 800 квадратных мм на уровне напряжения: | D42: =SUM(D43:D44) -> 0 | E42: =SUM(E43:E44) -> 0
A43: 1.2.6.1 | B43: 0,4 кВ и ниже
A44: 1.2.6.2 | B44: 1-20 кВ
A45: 1.3 | B45: Воздушные линии на деревянных опорах изолированным сталеалюминиевым проводом | D45: =D46+D49+D52+D55+D58+D61 -> 0 | E45: =E46+E49+E52+E55+E58+E61 -> 0
A46: 1.3.1 | B46: Воздушные линии на деревянных опорах изолированным сталеалюминиевым проводом сечением до 50 квадратных мм включительно на уровне напряжения: | D46: =SUM(D47:D48) -> 0 | E46: =SUM(E47:E48) -> 0
A47: 1.3.1.1 | B47: 0,4 кВ и ниже
A48: 1.3.1.2 | B48: 1-20 кВ
A49: 1.3.2 | B49: Воздушные линии на деревянных опорах изолированным сталеалюминиевым проводом сечением от 50 до 100 квадратных мм включительно на уровне напряжения: | D49: =SUM(D50:D51) -> 0 | E49: =SUM(E50:E51) -> 0
A50: 1.3.2.1 | B50: 0,4 кВ и ниже
A51: 1.3.2.2 | B51: 1-20 кВ
A52: 1.3.3 | B52: Воздушные линии на деревянных опорах изолированным сталеалюминиевым проводом сечением от 100 до 200 квадратных мм включительно на уровне напряжения: | D52: =SUM(D53:D54) -> 0 | E52: =SUM(E53:E54) -> 0
A53: 1.3.3.1 | B53: 0,4 кВ и ниже
A54: 1.3.3.2 | B54: 1-20 кВ
A55: 1.3.4 | B55: Воздушные линии на деревянных опорах изолированным сталеалюминиевым проводом сечением от 200 до 500 квадратных мм включительно на уровне напряжения: | D55: =SUM(D56:D57) -> 0 | E55: =SUM(E56:E57) -> 0
A56: 1.3.4.1 | B56: 0,4 кВ и ниже
A57: 1.3.4.2 | B57: 1-20 кВ
A58: 1.3.5 | B58: Воздушные линии на деревянных опорах изолированным сталеалюминиевым проводом сечением от 500 до 800 квадратных мм включительно на уровне напряжения: | D58: =SUM(D59:D60) -> 0 | E58: =SUM(E59:E60) -> 0
A59: 1.3.5.1 | B59: 0,4 кВ и ниже
A60: 1.3.5.2 | B60: 1-20 кВ
A61: 1.3.6 | B61: Воздушные линии на деревянных опорах изолированным сталеалюминиевым проводом сечением свыше 800 квадратных мм на уровне напряжения: | D61: =SUM(D62:D63) -> 0 | E61: =SUM(E62:E63) -> 0
A62: 1.3.6.1 | B62: 0,4 кВ и ниже
A63: 1.3.6.2 | B63: 1-20 кВ
A64: 1.4 | B64: Воздушные линии на деревянных опорах изолированным алюминиевым проводом | D64: =D65+D68+D71+D74+D77+D80 -> 0 | E64: =E65+E68+E71+E74+E77+E80 -> 0
A65: 1.4.1 | B65: Воздушные линии на деревянных опорах изолированным алюминиевым проводом сечением до 50 квадратных мм включительно на уровне напряжения: | D65: =SUM(D66:D67) -> 0 | E65: =SUM(E66:E67) -> 0
A66: 1.4.1.1 | B66: 0,4 кВ и ниже
A67: 1.4.1.2 | B67: 1-20 кВ
A68: 1.4.2 | B68: Воздушные линии на деревянных опорах изолированным алюминиевым проводом сечением от 50 до 100 квадратных мм включительно на уровне напряжения: | D68: =SUM(D69:D70) -> 0 | E68: =SUM(E69:E70) -> 0
A69: 1.4.2.1 | B69: 0,4 кВ и ниже
A70: 1.4.2.2 | B70: 1-20 кВ
A71: 1.4.3 | B71: Воздушные линии на деревянных опорах изолированным алюминиевым проводом сечением от 100 до 200 квадратных мм включительно на уровне напряжения: | D71: =SUM(D72:D73) -> 0 | E71: =SUM(E72:E73) -> 0
A72: 1.4.3.1 | B72: 0,4 кВ и ниже
A73: 1.4.3.2 | B73: 1-20 кВ
A74: 1.4.4 | B74: Воздушные линии на деревянных опорах изолированным алюминиевым проводом сечением от 200 до 500 квадратных мм включительно на уровне напряжения: | D74: =SUM(D75:D76) -> 0 | E74: =SUM(E75:E76) -> 0
A75: 1.4.4.1 | B75: 0,4 кВ и ниже
A76: 1.4.4.2 | B76: 1-20 кВ
A77: 1.4.5 | B77: Воздушные линии на деревянных опорах изолированным алюминиевым проводом сечением от 500 до 800 квадратных мм включительно на уровне напряжения: | D77: =SUM(D78:D79) -> 0 | E77: =SUM(E78:E79) -> 0
A78: 1.4.5.1 | B78: 0,4 кВ и ниже
A79: 1.4.5.2 | B79: 1-20 кВ
A80: 1.4.6 | B80: Воздушные линии на деревянных опорах изолированным алюминиевым проводом сечением свыше 800 квадратных мм на уровне напряжения: | D80: =SUM(D81:D82) -> 0 | E80: =SUM(E81:E82) -> 0
A81: 1.4.6.1 | B81: 0,4 кВ и ниже
A82: 1.4.6.2 | B82: 1-20 кВ
A83: 1.5 | B83: Воздушные линии на деревянных опорах неизолированным медным проводом | D83: =D84+D87+D90+D93+D96+D99 -> 0 | E83: =E84+E87+E90+E93+E96+E99 -> 0
A84: 1.5.1 | B84: Воздушные линии на деревянных опорах неизолированным медным проводом сечением до 50 квадратных мм включительно на уровне напряжения: | D84: =SUM(D85:D86) -> 0 | E84: =SUM(E85:E86) -> 0
A85: 1.5.1.1 | B85: 0,4 кВ и ниже
A86: 1.5.1.2 | B86: 1-20 кВ
A87: 1.5.2 | B87: Воздушные линии на деревянных опорах неизолированным медным проводом сечением от 50 до 100 квадратных мм включительно на уровне напряжения: | D87: =SUM(D88:D89) -> 0 | E87: =SUM(E88:E89) -> 0
A88: 1.5.2.1 | B88: 0,4 кВ и ниже
A89: 1.5.2.2 | B89: 1-20 кВ
A90: 1.5.3 | B90: Воздушные линии на деревянных опорах неизолированным медным проводом сечением от 100 до 200 квадратных мм включительно на уровне напряжения: | D90: =SUM(D91:D92) -> 0 | E90: =SUM(E91:E92) -> 0
A91: 1.5.3.1 | B91: 0,4 кВ и ниже
A92: 1.5.3.2 | B92: 1-20 кВ
A93: 1.5.4 | B93: Воздушные линии на деревянных опорах неизолированным медным проводом сечением от 200 до 500 квадратных мм включительно на уровне напряжения: | D93: =SUM(D94:D95) -> 0 | E93: =SUM(E94:E95) -> 0
A94: 1.5.4.1 | B94: 0,4 кВ и ниже
A95: 1.5.4.2 | B95: 1-20 кВ
A96: 1.5.5 | B96: Воздушные линии на деревянных опорах неизолированным медным проводом сечением от 500 до 800 квадратных мм включительно на уровне напряжения: | D96: =SUM(D97:D98) -> 0 | E96: =SUM(E97:E98) -> 0
A97: 1.5.5.1 | B97: 0,4 кВ и ниже
A98: 1.5.5.2 | B98: 1-20 кВ
A99: 1.5.6 | B99: Воздушные линии на деревянных опорах неизолированным медным проводом сечением свыше 800 квадратных мм на уровне напряжения: | D99: =SUM(D100:D101) -> 0 | E99: =SUM(E100:E101) -> 0
A100: 1.5.6.1 | B100: 0,4 кВ и ниже
...

Sheet Прил. № 5.1.2 город (год-2)
A1: Приложение № 5.1.2 к Методическим указаниям по определению размера платы за технологическое присоединение к электрическим сетям
A2: Сведения о строительстве линий электропередачи, а также об обеспечении средствами коммерческого учета электрической энергии (мощности) при технологическом присоединении энергопринимающих устройств максимальной мощностью менее 670 кВт и на уровне напряжения 20 кВ и менее (заполняется для территорий городских населенных пунктов)
A3: № п/п | B3: Объект электросетевого хозяйства/Средство коммерческого учета электрической энергии (мощности) | C3: Год ввода объекта 2018
C4: уровень напряжения, кВ | D4: протяженность (для линий электропередачи), км. / количество (для средств коммерческого учета ээ), шт. | E4: максимальная мощность (менее 670 кВт), кВт
A5: 1 | B5: 2 | C5: 3 | D5: 4 | E5: 5
A6: 1 | B6: СТРОИТЕЛЬСТВО ВОЗДУШНЫХ ЛИНИЙ ЭЛЕКТРОПЕРЕДАЧИ | D6: =D7+D26+D45+D64+D83+D102+D121+D140+D159+D178+D197+D216+D235+D254+D273+D292+D311+D330+D349+D368+D387+D406+D425+D444 -> 0 | E6: =E7+E26+E45+E64+E83+E102+E121+E140+E159+E178+E197+E216+E235+E254+E273+E292+E311+E330+E349+E368+E387+E406+E425+E444 -> 0
A7: 1.1. | B7: Воздушные линии на деревянных опорах изолированным медным проводом | D7: =D8+D11+D14+D17+D20+D23 -> 0 | E7: =E8+E11+E14+E17+E20+E23 -> 0
A8: 1.1.1 | B8: Воздушные линии на деревянных опорах изолированным медным проводом сечением до 50 квадратных мм включительно на уровне напряжения: | D8: =SUM(D9:D10) -> 0 | E8: =SUM(E9:E10) -> 0
A9: 1.1.1.1 | B9: 0,4 кВ и ниже
A10: 1.1.1.2 | B10: 1-20 кВ
A11: 1.1.2 | B11: Воздушные линии на деревянных опорах изолированным медным проводом сечением от 50 до 100 квадратных мм включительно на уровне напряжения: | D11: =SUM(D12:D13) -> 0 | E11: =SUM(E12:E13) -> 0
A12: 1.1.2.1 | B12: 0,4 кВ и ниже
A13: 1.1.2.2 | B13: 1-20 кВ
A14: 1.1.3 | B14: Воздушные линии на деревянных опорах изолированным медным проводом сечением от 100 до 200 квадратных мм включительно на уровне напряжения: | D14: =SUM(D15:D16) -> 0 | E14: =SUM(E15:E16) -> 0
A15: 1.1.3.1 | B15: 0,4 кВ и ниже
A16: 1.1.3.2 | B16: 1-20 кВ
A17: 1.1.4 | B17: Воздушные линии на деревянных опорах изолированным медным проводом сечением от 200 до 500 квадратных мм включительно на уровне напряжения: | D17: =SUM(D18:D19) -> 0 | E17: =SUM(E18:E19) -> 0
A18: 1.1.4.1 | B18: 0,4 кВ и ниже
A19: 1.1.4.2 | B19: 1-20 кВ
A20: 1.1.5 | B20: Воздушные линии на деревянных опорах изолированным медным проводом сечением от 500 до 800 квадратных мм включительно на уровне напряжения: | D20: =SUM(D21:D22) -> 0 | E20: =SUM(E21:E22) -> 0
A21: 1.1.5.1 | B21: 0,4 кВ и ниже
A22: 1.1.5.2 | B22: 1-20 кВ
A23: 1.1.6 | B23: Воздушные линии на деревянных опорах изолированным медным проводом сечением свыше 800 квадратных мм на уровне напряжения: | D23: =SUM(D24:D25) -> 0 | E23: =SUM(E24:E25) -> 0
A24: 1.1.6.1 | B24: 0,4 кВ и ниже
A25: 1.1.6.2 | B25: 1-20 кВ
A26: 1.2 | B26: Воздушные линии на деревянных опорах изолированным стальным проводом | D26: =D27+D30+D33+D36+D39+D42 -> 0 | E26: =E27+E30+E33+E36+E39+E42 -> 0
A27: 1.2.1 | B27: Воздушные линии на деревянных опорах изолированным стальным проводом сечением до 50 квадратных мм включительно на уровне напряжения: | D27: =SUM(D28:D29) -> 0 | E27: =SUM(E28:E29) -> 0
A28: 1.2.1.1 | B28: 0,4 кВ и ниже
A29: 1.2.1.2 | B29: 1-20 кВ
A30: 1.2.2 | B30: Воздушные линии на деревянных опорах изолированным стальным проводом сечением от 50 до 100 квадратных мм включительно на уровне напряжения: | D30: =SUM(D31:D32) -> 0 | E30: =SUM(E31:E32) -> 0
A31: 1.2.2.1 | B31: 0,4 кВ и ниже
A32: 1.2.2.2 | B32: 1-20 кВ
A33: 1.2.3 | B33: Воздушные линии на деревянных опорах изолированным стальным проводом сечением от 100 до 200 квадратных мм включительно на уровне напряжения: | D33: =SUM(D34:D35) -> 0 | E33: =SUM(E34:E35) -> 0
A34: 1.2.3.1 | B34: 0,4 кВ и ниже
A35: 1.2.3.2 | B35: 1-20 кВ
A36: 1.2.4 | B36: Воздушные линии на деревянных опорах изолированным стальным проводом сечением от 200 до 500 квадратных мм включительно на уровне напряжения: | D36: =SUM(D37:D38) -> 0 | E36: =SUM(E37:E38) -> 0
A37: 1.2.4.1 | B37: 0,4 кВ и ниже
A38: 1.2.4.2 | B38: 1-20 кВ
A39: 1.2.5 | B39: Воздушные линии на деревянных опорах изолированным стальным проводом сечением от 500 до 800 квадратных мм включительно на уровне напряжения: | D39: =SUM(D40:D41) -> 0 | E39: =SUM(E40:E41) -> 0
A40: 1.2.5.1 | B40: 0,4 кВ и ниже
A41: 1.2.5.2 | B41: 1-20 кВ
A42: 1.2.6 | B42: Воздушные линии на деревянных опорах изолированным стальным проводом сечением свыше 800 квадратных мм на уровне напряжения: | D42: =SUM(D43:D44) -> 0 | E42: =SUM(E43:E44) -> 0
A43: 1.2.6.1 | B43: 0,4 кВ и ниже
A44: 1.2.6.2 | B44: 1-20 кВ
A45: 1.3 | B45: Воздушные линии на деревянных опорах изолированным сталеалюминиевым проводом | D45: =D46+D49+D52+D55+D58+D61 -> 0 | E45: =E46+E49+E52+E55+E58+E61 -> 0
A46: 1.3.1 | B46: Воздушные линии на деревянных опорах изолированным сталеалюминиевым проводом сечением до 50 квадратных мм включительно на уровне напряжения: | D46: =SUM(D47:D48) -> 0 | E46: =SUM(E47:E48) -> 0
A47: 1.3.1.1 | B47: 0,4 кВ и ниже
A48: 1.3.1.2 | B48: 1-20 кВ
A49: 1.3.2 | B49: Воздушные линии на деревянных опорах изолированным сталеалюминиевым проводом сечением от 50 до 100 квадратных мм включительно на уровне напряжения: | D49: =SUM(D50:D51) -> 0 | E49: =SUM(E50:E51) -> 0
A50: 1.3.2.1 | B50: 0,4 кВ и ниже
A51: 1.3.2.2 | B51: 1-20 кВ
A52: 1.3.3 | B52: Воздушные линии на деревянных опорах изолированным сталеалюминиевым проводом сечением от 100 до 200 квадратных мм включительно на уровне напряжения: | D52: =SUM(D53:D54) -> 0 | E52: =SUM(E53:E54) -> 0
A53: 1.3.3.1 | B53: 0,4 кВ и ниже
A54: 1.3.3.2 | B54: 1-20 кВ
A55: 1.3.4 | B55: Воздушные линии на деревянных опорах изолированным сталеалюминиевым проводом сечением от 200 до 500 квадратных мм включительно на уровне напряжения: | D55: =SUM(D56:D57) -> 0 | E55: =SUM(E56:E57) -> 0
A56: 1.3.4.1 | B56: 0,4 кВ и ниже
A57: 1.3.4.2 | B57: 1-20 кВ
A58: 1.3.5 | B58: Воздушные линии на деревянных опорах изолированным сталеалюминиевым проводом сечением от 500 до 800 квадратных мм включительно на уровне напряжения: | D58: =SUM(D59:D60) -> 0 | E58: =SUM(E59:E60) -> 0
A59: 1.3.5.1 | B59: 0,4 кВ и ниже
A60: 1.3.5.2 | B60: 1-20 кВ
A61: 1.3.6 | B61: Воздушные линии на деревянных опорах изолированным сталеалюминиевым проводом сечением свыше 800 квадратных мм на уровне напряжения: | D61: =SUM(D62:D63) -> 0 | E61: =SUM(E62:E63) -> 0
A62: 1.3.6.1 | B62: 0,4 кВ и ниже
A63: 1.3.6.2 | B63: 1-20 кВ
A64: 1.4 | B64: Воздушные линии на деревянных опорах изолированным алюминиевым проводом | D64: =D65+D68+D71+D74+D77+D80 -> 0 | E64: =E65+E68+E71+E74+E77+E80 -> 0
A65: 1.4.1 | B65: Воздушные линии на деревянных опорах изолированным алюминиевым проводом сечением до 50 квадратных мм включительно на уровне напряжения: | D65: =SUM(D66:D67) -> 0 | E65: =SUM(E66:E67) -> 0
A66: 1.4.1.1 | B66: 0,4 кВ и ниже
A67: 1.4.1.2 | B67: 1-20 кВ
A68: 1.4.2 | B68: Воздушные линии на деревянных опорах изолированным алюминиевым проводом сечением от 50 до 100 квадратных мм включительно на уровне напряжения: | D68: =SUM(D69:D70) -> 0 | E68: =SUM(E69:E70) -> 0
A69: 1.4.2.1 | B69: 0,4 кВ и ниже
A70: 1.4.2.2 | B70: 1-20 кВ
A71: 1.4.3 | B71: Воздушные линии на деревянных опорах изолированным алюминиевым проводом сечением от 100 до 200 квадратных мм включительно на уровне напряжения: | D71: =SUM(D72:D73) -> 0 | E71: =SUM(E72:E73) -> 0
A72: 1.4.3.1 | B72: 0,4 кВ и ниже
A73: 1.4.3.2 | B73: 1-20 кВ
A74: 1.4.4 | B74: Воздушные линии на деревянных опорах изолированным алюминиевым проводом сечением от 200 до 500 квадратных мм включительно на уровне напряжения: | D74: =SUM(D75:D76) -> 0 | E74: =SUM(E75:E76) -> 0
A75: 1.4.4.1 | B75: 0,4 кВ и ниже
A76: 1.4.4.2 | B76: 1-20 кВ
A77: 1.4.5 | B77: Воздушные линии на деревянных опорах изолированным алюминиевым проводом сечением от 500 до 800 квадратных мм включительно на уровне напряжения: | D77: =SUM(D78:D79) -> 0 | E77: =SUM(E78:E79) -> 0
A78: 1.4.5.1 | B78: 0,4 кВ и ниже
A79: 1.4.5.2 | B79: 1-20 кВ
A80: 1.4.6 | B80: Воздушные линии на деревянных опорах изолированным алюминиевым проводом сечением свыше 800 квадратных мм на уровне напряжения: | D80: =SUM(D81:D82) -> 0 | E80: =SUM(E81:E82) -> 0
A81: 1.4.6.1 | B81: 0,4 кВ и ниже
A82: 1.4.6.2 | B82: 1-20 кВ
A83: 1.5 | B83: Воздушные линии на деревянных опорах неизолированным медным проводом | D83: =D84+D87+D90+D93+D96+D99 -> 0 | E83: =E84+E87+E90+E93+E96+E99 -> 0
A84: 1.5.1 | B84: Воздушные линии на деревянных опорах неизолированным медным проводом сечением до 50 квадратных мм включительно на уровне напряжения: | D84: =SUM(D85:D86) -> 0 | E84: =SUM(E85:E86) -> 0
A85: 1.5.1.1 | B85: 0,4 кВ и ниже
A86: 1.5.1.2 | B86: 1-20 кВ
A87: 1.5.2 | B87: Воздушные линии на деревянных опорах неизолированным медным проводом сечением от 50 до 100 квадратных мм включительно на уровне напряжения: | D87: =SUM(D88:D89) -> 0 | E87: =SUM(E88:E89) -> 0
A88: 1.5.2.1 | B88: 0,4 кВ и ниже
A89: 1.5.2.2 | B89: 1-20 кВ
A90: 1.5.3 | B90: Воздушные линии на деревянных опорах неизолированным медным проводом сечением от 100 до 200 квадратных мм включительно на уровне напряжения: | D90: =SUM(D91:D92) -> 0 | E90: =SUM(E91:E92) -> 0
A91: 1.5.3.1 | B91: 0,4 кВ и ниже
A92: 1.5.3.2 | B92: 1-20 кВ
A93: 1.5.4 | B93: Воздушные линии на деревянных опорах неизолированным медным проводом сечением от 200 до 500 квадратных мм включительно на уровне напряжения: | D93: =SUM(D94:D95) -> 0 | E93: =SUM(E94:E95) -> 0
A94: 1.5.4.1 | B94: 0,4 кВ и ниже
A95: 1.5.4.2 | B95: 1-20 кВ
A96: 1.5.5 | B96: Воздушные линии на деревянных опорах неизолированным медным проводом сечением от 500 до 800 квадратных мм включительно на уровне напряжения: | D96: =SUM(D97:D98) -> 0 | E96: =SUM(E97:E98) -> 0
A97: 1.5.5.1 | B97: 0,4 кВ и ниже
A98: 1.5.5.2 | B98: 1-20 кВ
A99: 1.5.6 | B99: Воздушные линии на деревянных опорах неизолированным медным проводом сечением свыше 800 квадратных мм на уровне напряжения: | D99: =SUM(D100:D101) -> 0 | E99: =SUM(E100:E101) -> 0
A100: 1.5.6.1 | B100: 0,4 кВ и ниже
...

Sheet Прил. № 5.1.3 город (год-1)
A1: Приложение № 5.1.3 к Методическим указаниям по определению размера платы за технологическое присоединение к электрическим сетям
A2: Сведения о строительстве линий электропередачи, а также об обеспечении средствами коммерческого учета электрической энергии (мощности) при технологическом присоединении энергопринимающих устройств максимальной мощностью менее 670 кВт и на уровне напряжения 20 кВ и менее (заполняется для территорий городских населенных пунктов)
A3: № п/п | B3: Объект электросетевого хозяйства/Средство коммерческого учета электрической энергии (мощности) | C3: Год ввода объекта 2019
C4: уровень напряжения, кВ | D4: протяженность (для линий электропередачи), км. / количество (для средств коммерческого учета ээ), шт. | E4: максимальная мощность (менее 670 кВт), кВт
A5: 1 | B5: 2 | C5: 3 | D5: 4 | E5: 5
A6: 1 | B6: СТРОИТЕЛЬСТВО ВОЗДУШНЫХ ЛИНИЙ ЭЛЕКТРОПЕРЕДАЧИ | D6: =D7+D26+D45+D64+D83+D102+D121+D140+D159+D178+D197+D216+D235+D254+D273+D292+D311+D330+D349+D368+D387+D406+D425+D444 -> 0 | E6: =E7+E26+E45+E64+E83+E102+E121+E140+E159+E178+E197+E216+E235+E254+E273+E292+E311+E330+E349+E368+E387+E406+E425+E444 -> 0
A7: 1.1. | B7: Воздушные линии на деревянных опорах изолированным медным проводом | D7: =D8+D11+D14+D17+D20+D23 -> 0 | E7: =E8+E11+E14+E17+E20+E23 -> 0
A8: 1.1.1 | B8: Воздушные линии на деревянных опорах изолированным медным проводом сечением до 50 квадратных мм включительно на уровне напряжения: | D8: =SUM(D9:D10) -> 0 | E8: =SUM(E9:E10) -> 0
A9: 1.1.1.1 | B9: 0,4 кВ и ниже
A10: 1.1.1.2 | B10: 1-20 кВ
A11: 1.1.2 | B11: Воздушные линии на деревянных опорах изолированным медным проводом сечением от 50 до 100 квадратных мм включительно на уровне напряжения: | D11: =SUM(D12:D13) -> 0 | E11: =SUM(E12:E13) -> 0
A12: 1.1.2.1 | B12: 0,4 кВ и ниже
A13: 1.1.2.2 | B13: 1-20 кВ
A14: 1.1.3 | B14: Воздушные линии на деревянных опорах изолированным медным проводом сечением от 100 до 200 квадратных мм включительно на уровне напряжения: | D14: =SUM(D15:D16) -> 0 | E14: =SUM(E15:E16) -> 0
A15: 1.1.3.1 | B15: 0,4 кВ и ниже
A16: 1.1.3.2 | B16: 1-20 кВ
A17: 1.1.4 | B17: Воздушные линии на деревянных опорах изолированным медным проводом сечением от 200 до 500 квадратных мм включительно на уровне напряжения: | D17: =SUM(D18:D19) -> 0 | E17: =SUM(E18:E19) -> 0
A18: 1.1.4.1 | B18: 0,4 кВ и ниже
A19: 1.1.4.2 | B19: 1-20 кВ
A20: 1.1.5 | B20: Воздушные линии на деревянных опорах изолированным медным проводом сечением от 500 до 800 квадратных мм включительно на уровне напряжения: | D20: =SUM(D21:D22) -> 0 | E20: =SUM(E21:E22) -> 0
A21: 1.1.5.1 | B21: 0,4 кВ и ниже
A22: 1.1.5.2 | B22: 1-20 кВ
A23: 1.1.6 | B23: Воздушные линии на деревянных опорах изолированным медным проводом сечением свыше 800 квадратных мм на уровне напряжения: | D23: =SUM(D24:D25) -> 0 | E23: =SUM(E24:E25) -> 0
A24: 1.1.6.1 | B24: 0,4 кВ и ниже
A25: 1.1.6.2 | B25: 1-20 кВ
A26: 1.2 | B26: Воздушные линии на деревянных опорах изолированным стальным проводом | D26: =D27+D30+D33+D36+D39+D42 -> 0 | E26: =E27+E30+E33+E36+E39+E42 -> 0
A27: 1.2.1 | B27: Воздушные линии на деревянных опорах изолированным стальным проводом сечением до 50 квадратных мм включительно на уровне напряжения: | D27: =SUM(D28:D29) -> 0 | E27: =SUM(E28:E29) -> 0
A28: 1.2.1.1 | B28: 0,4 кВ и ниже
A29: 1.2.1.2 | B29: 1-20 кВ
A30: 1.2.2 | B30: Воздушные линии на деревянных опорах изолированным стальным проводом сечением от 50 до 100 квадратных мм включительно на уровне напряжения: | D30: =SUM(D31:D32) -> 0 | E30: =SUM(E31:E32) -> 0
A31: 1.2.2.1 | B31: 0,4 кВ и ниже
A32: 1.2.2.2 | B32: 1-20 кВ
A33: 1.2.3 | B33: Воздушные линии на деревянных опорах изолированным стальным проводом сечением от 100 до 200 квадратных мм включительно на уровне напряжения: | D33: =SUM(D34:D35) -> 0 | E33: =SUM(E34:E35) -> 0
A34: 1.2.3.1 | B34: 0,4 кВ и ниже
A35: 1.2.3.2 | B35: 1-20 кВ
A36: 1.2.4 | B36: Воздушные линии на деревянных опорах изолированным стальным проводом сечением от 200 до 500 квадратных мм включительно на уровне напряжения: | D36: =SUM(D37:D38) -> 0 | E36: =SUM(E37:E38) -> 0
A37: 1.2.4.1 | B37: 0,4 кВ и ниже
A38: 1.2.4.2 | B38: 1-20 кВ
A39: 1.2.5 | B39: Воздушные линии на деревянных опорах изолированным стальным проводом сечением от 500 до 800 квадратных мм включительно на уровне напряжения: | D39: =SUM(D40:D41) -> 0 | E39: =SUM(E40:E41) -> 0
A40: 1.2.5.1 | B40: 0,4 кВ и ниже
A41: 1.2.5.2 | B41: 1-20 кВ
A42: 1.2.6 | B42: Воздушные линии на деревянных опорах изолированным стальным проводом сечением свыше 800 квадратных мм на уровне напряжения: | D42: =SUM(D43:D44) -> 0 | E42: =SUM(E43:E44) -> 0
A43: 1.2.6.1 | B43: 0,4 кВ и ниже
A44: 1.2.6.2 | B44: 1-20 кВ
A45: 1.3 | B45: Воздушные линии на деревянных опорах изолированным сталеалюминиевым проводом | D45: =D46+D49+D52+D55+D58+D61 -> 0 | E45: =E46+E49+E52+E55+E58+E61 -> 0
A46: 1.3.1 | B46: Воздушные линии на деревянных опорах изолированным сталеалюминиевым проводом сечением до 50 квадратных мм включительно на уровне напряжения: | D46: =SUM(D47:D48) -> 0 | E46: =SUM(E47:E48) -> 0
A47: 1.3.1.1 | B47: 0,4 кВ и ниже
A48: 1.3.1.2 | B48: 1-20 кВ
A49: 1.3.2 | B49: Воздушные линии на деревянных опорах изолированным сталеалюминиевым проводом сечением от 50 до 100 квадратных мм включительно на уровне напряжения: | D49: =SUM(D50:D51) -> 0 | E49: =SUM(E50:E51) -> 0
A50: 1.3.2.1 | B50: 0,4 кВ и ниже
A51: 1.3.2.2 | B51: 1-20 кВ
A52: 1.3.3 | B52: Воздушные линии на деревянных опорах изолированным сталеалюминиевым проводом сечением от 100 до 200 квадратных мм включительно на уровне напряжения: | D52: =SUM(D53:D54) -> 0 | E52: =SUM(E53:E54) -> 0
A53: 1.3.3.1 | B53: 0,4 кВ и ниже
A54: 1.3.3.2 | B54: 1-20 кВ
A55: 1.3.4 | B55: Воздушные линии на деревянных опорах изолированным сталеалюминиевым проводом сечением от 200 до 500 квадратных мм включительно на уровне напряжения: | D55: =SUM(D56:D57) -> 0 | E55: =SUM(E56:E57) -> 0
A56: 1.3.4.1 | B56: 0,4 кВ и ниже
A57: 1.3.4.2 | B57: 1-20 кВ
A58: 1.3.5 | B58: Воздушные линии на деревянных опорах изолированным сталеалюминиевым проводом сечением от 500 до 800 квадратных мм включительно на уровне напряжения: | D58: =SUM(D59:D60) -> 0 | E58: =SUM(E59:E60) -> 0
A59: 1.3.5.1 | B59: 0,4 кВ и ниже
A60: 1.3.5.2 | B60: 1-20 кВ
A61: 1.3.6 | B61: Воздушные линии на деревянных опорах изолированным сталеалюминиевым проводом сечением свыше 800 квадратных мм на уровне напряжения: | D61: =SUM(D62:D63) -> 0 | E61: =SUM(E62:E63) -> 0
A62: 1.3.6.1 | B62: 0,4 кВ и ниже
A63: 1.3.6.2 | B63: 1-20 кВ
A64: 1.4 | B64: Воздушные линии на деревянных опорах изолированным алюминиевым проводом | D64: =D65+D68+D71+D74+D77+D80 -> 0 | E64: =E65+E68+E71+E74+E77+E80 -> 0
A65: 1.4.1 | B65: Воздушные линии на деревянных опорах изолированным алюминиевым проводом сечением до 50 квадратных мм включительно на уровне напряжения: | D65: =SUM(D66:D67) -> 0 | E65: =SUM(E66:E67) -> 0
A66: 1.4.1.1 | B66: 0,4 кВ и ниже
A67: 1.4.1.2 | B67: 1-20 кВ
A68: 1.4.2 | B68: Воздушные линии на деревянных опорах изолированным алюминиевым проводом сечением от 50 до 100 квадратных мм включительно на уровне напряжения: | D68: =SUM(D69:D70) -> 0 | E68: =SUM(E69:E70) -> 0
A69: 1.4.2.1 | B69: 0,4 кВ и ниже
A70: 1.4.2.2 | B70: 1-20 кВ
A71: 1.4.3 | B71: Воздушные линии на деревянных опорах изолированным алюминиевым проводом сечением от 100 до 200 квадратных мм включительно на уровне напряжения: | D71: =SUM(D72:D73) -> 0 | E71: =SUM(E72:E73) -> 0
A72: 1.4.3.1 | B72: 0,4 кВ и ниже
A73: 1.4.3.2 | B73: 1-20 кВ
A74: 1.4.4 | B74: Воздушные линии на деревянных опорах изолированным алюминиевым проводом сечением от 200 до 500 квадратных мм включительно на уровне напряжения: | D74: =SUM(D75:D76) -> 0 | E74: =SUM(E75:E76) -> 0
A75: 1.4.4.1 | B75: 0,4 кВ и ниже
A76: 1.4.4.2 | B76: 1-20 кВ
A77: 1.4.5 | B77: Воздушные линии на деревянных опорах изолированным алюминиевым проводом сечением от 500 до 800 квадратных мм включительно на уровне напряжения: | D77: =SUM(D78:D79) -> 0 | E77: =SUM(E78:E79) -> 0
A78: 1.4.5.1 | B78: 0,4 кВ и ниже
A79: 1.4.5.2 | B79: 1-20 кВ
A80: 1.4.6 | B80: Воздушные линии на деревянных опорах изолированным алюминиевым проводом сечением свыше 800 квадратных мм на уровне напряжения: | D80: =SUM(D81:D82) -> 0 | E80: =SUM(E81:E82) -> 0
A81: 1.4.6.1 | B81: 0,4 кВ и ниже
A82: 1.4.6.2 | B82: 1-20 кВ
A83: 1.5 | B83: Воздушные линии на деревянных опорах неизолированным медным проводом | D83: =D84+D87+D90+D93+D96+D99 -> 0 | E83: =E84+E87+E90+E93+E96+E99 -> 0
A84: 1.5.1 | B84: Воздушные линии на деревянных опорах неизолированным медным проводом сечением до 50 квадратных мм включительно на уровне напряжения: | D84: =SUM(D85:D86) -> 0 | E84: =SUM(E85:E86) -> 0
A85: 1.5.1.1 | B85: 0,4 кВ и ниже
A86: 1.5.1.2 | B86: 1-20 кВ
A87: 1.5.2 | B87: Воздушные линии на деревянных опорах неизолированным медным проводом сечением от 50 до 100 квадратных мм включительно на уровне напряжения: | D87: =SUM(D88:D89) -> 0 | E87: =SUM(E88:E89) -> 0
A88: 1.5.2.1 | B88: 0,4 кВ и ниже
A89: 1.5.2.2 | B89: 1-20 кВ
A90: 1.5.3 | B90: Воздушные линии на деревянных опорах неизолированным медным проводом сечением от 100 до 200 квадратных мм включительно на уровне напряжения: | D90: =SUM(D91:D92) -> 0 | E90: =SUM(E91:E92) -> 0
A91: 1.5.3.1 | B91: 0,4 кВ и ниже
A92: 1.5.3.2 | B92: 1-20 кВ
A93: 1.5.4 | B93: Воздушные линии на деревянных опорах неизолированным медным проводом сечением от 200 до 500 квадратных мм включительно на уровне напряжения: | D93: =SUM(D94:D95) -> 0 | E93: =SUM(E94:E95) -> 0
A94: 1.5.4.1 | B94: 0,4 кВ и ниже
A95: 1.5.4.2 | B95: 1-20 кВ
A96: 1.5.5 | B96: Воздушные линии на деревянных опорах неизолированным медным проводом сечением от 500 до 800 квадратных мм включительно на уровне напряжения: | D96: =SUM(D97:D98) -> 0 | E96: =SUM(E97:E98) -> 0
A97: 1.5.5.1 | B97: 0,4 кВ и ниже
A98: 1.5.5.2 | B98: 1-20 кВ
A99: 1.5.6 | B99: Воздушные линии на деревянных опорах неизолированным медным проводом сечением свыше 800 квадратных мм на уровне напряжения: | D99: =SUM(D100:D101) -> 0 | E99: =SUM(E100:E101) -> 0
A100: 1.5.6.1 | B100: 0,4 кВ и ниже
...

Sheet Прил. № 5.2.1 не город (год-3)
A1: Приложение № 5.2.1 к Методическим указаниям по определению размера платы за технологическое присоединение к электрическим сетям
A2: Сведения о строительстве линий электропередачи, а также об обеспечении средствами коммерческого учета электрической энергии (мощности) при технологическом присоединении энергопринимающих устройств максимальной мощностью менее 670 кВт и на уровне напряжения 20 кВ и менее (заполняется для территорий, не относящихся к территориям городских населенных пунктов)
A3: № п/п | B3: Объект электросетевого хозяйства/Средство коммерческого учета электрической энергии (мощности) | C3: Год ввода объекта 2017
C4: уровень напряжения, кВ | D4: протяженность (для линий электропередачи), км. / количество (для средств коммерческого учета ээ), шт. | E4: максимальная мощность (менее 670 кВт), кВт
A5: 1 | B5: 2 | C5: 3 | D5: 4 | E5: 5
A6: 1 | B6: СТРОИТЕЛЬСТВО ВОЗДУШНЫХ ЛИНИЙ ЭЛЕКТРОПЕРЕДАЧИ | D6: =D7+D26+D45+D64+D83+D102+D121+D140+D159+D178+D197+D216+D235+D254+D273+D292+D311+D330+D349+D368+D387+D406+D425+D444 -> 0 | E6: =E7+E26+E45+E64+E83+E102+E121+E140+E159+E178+E197+E216+E235+E254+E273+E292+E311+E330+E349+E368+E387+E406+E425+E444 -> 0
A7: 1.1. | B7: Воздушные линии на деревянных опорах изолированным медным проводом | D7: =D8+D11+D14+D17+D20+D23 -> 0 | E7: =E8+E11+E14+E17+E20+E23 -> 0
A8: 1.1.1 | B8: Воздушные линии на деревянных опорах изолированным медным проводом сечением до 50 квадратных мм включительно на уровне напряжения: | D8: =SUM(D9:D10) -> 0 | E8: =SUM(E9:E10) -> 0
A9: 1.1.1.1 | B9: 0,4 кВ и ниже
A10: 1.1.1.2 | B10: 1-20 кВ
A11: 1.1.2 | B11: Воздушные линии на деревянных опорах изолированным медным проводом сечением от 50 до 100 квадратных мм включительно на уровне напряжения: | D11: =SUM(D12:D13) -> 0 | E11: =SUM(E12:E13) -> 0
A12: 1.1.2.1 | B12: 0,4 кВ и ниже
A13: 1.1.2.2 | B13: 1-20 кВ
A14: 1.1.3 | B14: Воздушные линии на деревянных опорах изолированным медным проводом сечением от 100 до 200 квадратных мм включительно на уровне напряжения: | D14: =SUM(D15:D16) -> 0 | E14: =SUM(E15:E16) -> 0
A15: 1.1.3.1 | B15: 0,4 кВ и ниже
A16: 1.1.3.2 | B16: 1-20 кВ
A17: 1.1.4 | B17: Воздушные линии на деревянных опорах изолированным медным проводом сечением от 200 до 500 квадратных мм включительно на уровне напряжения: | D17: =SUM(D18:D19) -> 0 | E17: =SUM(E18:E19) -> 0
A18: 1.1.4.1 | B18: 0,4 кВ и ниже
A19: 1.1.4.2 | B19: 1-20 кВ
A20: 1.1.5 | B20: Воздушные линии на деревянных опорах изолированным медным проводом сечением от 500 до 800 квадратных мм включительно на уровне напряжения: | D20: =SUM(D21:D22) -> 0 | E20: =SUM(E21:E22) -> 0
A21: 1.1.5.1 | B21: 0,4 кВ и ниже
A22: 1.1.5.2 | B22: 1-20 кВ
A23: 1.1.6 | B23: Воздушные линии на деревянных опорах изолированным медным проводом сечением свыше 800 квадратных мм на уровне напряжения: | D23: =SUM(D24:D25) -> 0 | E23: =SUM(E24:E25) -> 0
A24: 1.1.6.1 | B24: 0,4 кВ и ниже
A25: 1.1.6.2 | B25: 1-20 кВ
A26: 1.2 | B26: Воздушные линии на деревянных опорах изолированным стальным проводом | D26: =D27+D30+D33+D36+D39+D42 -> 0 | E26: =E27+E30+E33+E36+E39+E42 -> 0
A27: 1.2.1 | B27: Воздушные линии на деревянных опорах изолированным стальным проводом сечением до 50 квадратных мм включительно на уровне напряжения: | D27: =SUM(D28:D29) -> 0 | E27: =SUM(E28:E29) -> 0
A28: 1.2.1.1 | B28: 0,4 кВ и ниже
A29: 1.2.1.2 | B29: 1-20 кВ
A30: 1.2.2 | B30: Воздушные линии на деревянных опорах изолированным стальным проводом сечением от 50 до 100 квадратных мм включительно на уровне напряжения: | D30: =SUM(D31:D32) -> 0 | E30: =SUM(E31:E32) -> 0
A31: 1.2.2.1 | B31: 0,4 кВ и ниже
A32: 1.2.2.2 | B32: 1-20 кВ
A33: 1.2.3 | B33: Воздушные линии на деревянных опорах изолированным стальным проводом сечением от 100 до 200 квадратных мм включительно на уровне напряжения: | D33: =SUM(D34:D35) -> 0 | E33: =SUM(E34:E35) -> 0
A34: 1.2.3.1 | B34: 0,4 кВ и ниже
A35: 1.2.3.2 | B35: 1-20 кВ
A36: 1.2.4 | B36: Воздушные линии на деревянных опорах изолированным стальным проводом сечением от 200 до 500 квадратных мм включительно на уровне напряжения: | D36: =SUM(D37:D38) -> 0 | E36: =SUM(E37:E38) -> 0
A37: 1.2.4.1 | B37: 0,4 кВ и ниже
A38: 1.2.4.2 | B38: 1-20 кВ
A39: 1.2.5 | B39: Воздушные линии на деревянных опорах изолированным стальным проводом сечением от 500 до 800 квадратных мм включительно на уровне напряжения: | D39: =SUM(D40:D41) -> 0 | E39: =SUM(E40:E41) -> 0
A40: 1.2.5.1 | B40: 0,4 кВ и ниже
A41: 1.2.5.2 | B41: 1-20 кВ
A42: 1.2.6 | B42: Воздушные линии на деревянных опорах изолированным стальным проводом сечением свыше 800 квадратных мм на уровне напряжения: | D42: =SUM(D43:D44) -> 0 | E42: =SUM(E43:E44) -> 0
A43: 1.2.6.1 | B43: 0,4 кВ и ниже
A44: 1.2.6.2 | B44: 1-20 кВ
A45: 1.3 | B45: Воздушные линии на деревянных опорах изолированным сталеалюминиевым проводом | D45: =D46+D49+D52+D55+D58+D61 -> 0 | E45: =E46+E49+E52+E55+E58+E61 -> 0
A46: 1.3.1 | B46: Воздушные линии на деревянных опорах изолированным сталеалюминиевым проводом сечением до 50 квадратных мм включительно на уровне напряжения: | D46: =SUM(D47:D48) -> 0 | E46: =SUM(E47:E48) -> 0
A47: 1.3.1.1 | B47: 0,4 кВ и ниже
A48: 1.3.1.2 | B48: 1-20 кВ
A49: 1.3.2 | B49: Воздушные линии на деревянных опорах изолированным сталеалюминиевым проводом сечением от 50 до 100 квадратных мм включительно на уровне напряжения: | D49: =SUM(D50:D51) -> 0 | E49: =SUM(E50:E51) -> 0
A50: 1.3.2.1 | B50: 0,4 кВ и ниже
A51: 1.3.2.2 | B51: 1-20 кВ
A52: 1.3.3 | B52: Воздушные линии на деревянных опорах изолированным сталеалюминиевым проводом сечением от 100 до 200 квадратных мм включительно на уровне напряжения: | D52: =SUM(D53:D54) -> 0 | E52: =SUM(E53:E54) -> 0
A53: 1.3.3.1 | B53: 0,4 кВ и ниже
A54: 1.3.3.2 | B54: 1-20 кВ
A55: 1.3.4 | B55: Воздушные линии на деревянных опорах изолированным сталеалюминиевым проводом сечением от 200 до 500 квадратных мм включительно на уровне напряжения: | D55: =SUM(D56:D57) -> 0 | E55: =SUM(E56:E57) -> 0
A56: 1.3.4.1 | B56: 0,4 кВ и ниже
A57: 1.3.4.2 | B57: 1-20 кВ
A58: 1.3.5 | B58: Воздушные линии на деревянных опорах изолированным сталеалюминиевым проводом сечением от 500 до 800 квадратных мм включительно на уровне напряжения: | D58: =SUM(D59:D60) -> 0 | E58: =SUM(E59:E60) -> 0
A59: 1.3.5.1 | B59: 0,4 кВ и ниже
A60: 1.3.5.2 | B60: 1-20 кВ
A61: 1.3.6 | B61: Воздушные линии на деревянных опорах изолированным сталеалюминиевым проводом сечением свыше 800 квадратных мм на уровне напряжения: | D61: =SUM(D62:D63) -> 0 | E61: =SUM(E62:E63) -> 0
A62: 1.3.6.1 | B62: 0,4 кВ и ниже
A63: 1.3.6.2 | B63: 1-20 кВ
A64: 1.4 | B64: Воздушные линии на деревянных опорах изолированным алюминиевым проводом | D64: =D65+D68+D71+D74+D77+D80 -> 0 | E64: =E65+E68+E71+E74+E77+E80 -> 0
A65: 1.4.1 | B65: Воздушные линии на деревянных опорах изолированным алюминиевым проводом сечением до 50 квадратных мм включительно на уровне напряжения: | D65: =SUM(D66:D67) -> 0 | E65: =SUM(E66:E67) -> 0
A66: 1.4.1.1 | B66: 0,4 кВ и ниже
A67: 1.4.1.2 | B67: 1-20 кВ
A68: 1.4.2 | B68: Воздушные линии на деревянных опорах изолированным алюминиевым проводом сечением от 50 до 100 квадратных мм включительно на уровне напряжения: | D68: =SUM(D69:D70) -> 0 | E68: =SUM(E69:E70) -> 0
A69: 1.4.2.1 | B69: 0,4 кВ и ниже
A70: 1.4.2.2 | B70: 1-20 кВ
A71: 1.4.3 | B71: Воздушные линии на деревянных опорах изолированным алюминиевым проводом сечением от 100 до 200 квадратных мм включительно на уровне напряжения: | D71: =SUM(D72:D73) -> 0 | E71: =SUM(E72:E73) -> 0
A72: 1.4.3.1 | B72: 0,4 кВ и ниже
A73: 1.4.3.2 | B73: 1-20 кВ
A74: 1.4.4 | B74: Воздушные линии на деревянных опорах изолированным алюминиевым проводом сечением от 200 до 500 квадратных мм включительно на уровне напряжения: | D74: =SUM(D75:D76) -> 0 | E74: =SUM(E75:E76) -> 0
A75: 1.4.4.1 | B75: 0,4 кВ и ниже
A76: 1.4.4.2 | B76: 1-20 кВ
A77: 1.4.5 | B77: Воздушные линии на деревянных опорах изолированным алюминиевым проводом сечением от 500 до 800 квадратных мм включительно на уровне напряжения: | D77: =SUM(D78:D79) -> 0 | E77: =SUM(E78:E79) -> 0
A78: 1.4.5.1 | B78: 0,4 кВ и ниже
A79: 1.4.5.2 | B79: 1-20 кВ
A80: 1.4.6 | B80: Воздушные линии на деревянных опорах изолированным алюминиевым проводом сечением свыше 800 квадратных мм на уровне напряжения: | D80: =SUM(D81:D82) -> 0 | E80: =SUM(E81:E82) -> 0
A81: 1.4.6.1 | B81: 0,4 кВ и ниже
A82: 1.4.6.2 | B82: 1-20 кВ
A83: 1.5 | B83: Воздушные линии на деревянных опорах неизолированным медным проводом | D83: =D84+D87+D90+D93+D96+D99 -> 0 | E83: =E84+E87+E90+E93+E96+E99 -> 0
A84: 1.5.1 | B84: Воздушные линии на деревянных опорах неизолированным медным проводом сечением до 50 квадратных мм включительно на уровне напряжения: | D84: =SUM(D85:D86) -> 0 | E84: =SUM(E85:E86) -> 0
A85: 1.5.1.1 | B85: 0,4 кВ и ниже
A86: 1.5.1.2 | B86: 1-20 кВ
A87: 1.5.2 | B87: Воздушные линии на деревянных опорах неизолированным медным проводом сечением от 50 до 100 квадратных мм включительно на уровне напряжения: | D87: =SUM(D88:D89) -> 0 | E87: =SUM(E88:E89) -> 0
A88: 1.5.2.1 | B88: 0,4 кВ и ниже
A89: 1.5.2.2 | B89: 1-20 кВ
A90: 1.5.3 | B90: Воздушные линии на деревянных опорах неизолированным медным проводом сечением от 100 до 200 квадратных мм включительно на уровне напряжения: | D90: =SUM(D91:D92) -> 0 | E90: =SUM(E91:E92) -> 0
A91: 1.5.3.1 | B91: 0,4 кВ и ниже
A92: 1.5.3.2 | B92: 1-20 кВ
A93: 1.5.4 | B93: Воздушные линии на деревянных опорах неизолированным медным проводом сечением от 200 до 500 квадратных мм включительно на уровне напряжения: | D93: =SUM(D94:D95) -> 0 | E93: =SUM(E94:E95) -> 0
A94: 1.5.4.1 | B94: 0,4 кВ и ниже
A95: 1.5.4.2 | B95: 1-20 кВ
A96: 1.5.5 | B96: Воздушные линии на деревянных опорах неизолированным медным проводом сечением от 500 до 800 квадратных мм включительно на уровне напряжения: | D96: =SUM(D97:D98) -> 0 | E96: =SUM(E97:E98) -> 0
A97: 1.5.5.1 | B97: 0,4 кВ и ниже
A98: 1.5.5.2 | B98: 1-20 кВ
A99: 1.5.6 | B99: Воздушные линии на деревянных опорах неизолированным медным проводом сечением свыше 800 квадратных мм на уровне напряжения: | D99: =SUM(D100:D101) -> 0 | E99: =SUM(E100:E101) -> 0
A100: 1.5.6.1 | B100: 0,4 кВ и ниже
...

Sheet Прил. № 5.2.2 не город (год-2)
A1: Приложение № 5.2.2 к Методическим указаниям по определению размера платы за технологическое присоединение к электрическим сетям
A2: Сведения о строительстве линий электропередачи, а также об обеспечении средствами коммерческого учета электрической энергии (мощности) при технологическом присоединении энергопринимающих устройств максимальной мощностью менее 670 кВт и на уровне напряжения 20 кВ и менее (заполняется для территорий, не относящихся к территориям городских населенных пунктов)
A3: № п/п | B3: Объект электросетевого хозяйства/Средство коммерческого учета электрической энергии (мощности) | C3: Год ввода объекта 2018
C4: уровень напряжения, кВ | D4: протяженность (для линий электропередачи), км. / количество (для средств коммерческого учета ээ), шт. | E4: максимальная мощность (менее 670 кВт), кВт
A5: 1 | B5: 2 | C5: 3 | D5: 4 | E5: 5
A6: 1 | B6: СТРОИТЕЛЬСТВО ВОЗДУШНЫХ ЛИНИЙ ЭЛЕКТРОПЕРЕДАЧИ | D6: =D7+D26+D45+D64+D83+D102+D121+D140+D159+D178+D197+D216+D235+D254+D273+D292+D311+D330+D349+D368+D387+D406+D425+D444 -> 0 | E6: =E7+E26+E45+E64+E83+E102+E121+E140+E159+E178+E197+E216+E235+E254+E273+E292+E311+E330+E349+E368+E387+E406+E425+E444 -> 0
A7: 1.1. | B7: Воздушные линии на деревянных опорах изолированным медным проводом | D7: =D8+D11+D14+D17+D20+D23 -> 0 | E7: =E8+E11+E14+E17+E20+E23 -> 0
A8: 1.1.1 | B8: Воздушные линии на деревянных опорах изолированным медным проводом сечением до 50 квадратных мм включительно на уровне напряжения: | D8: =SUM(D9:D10) -> 0 | E8: =SUM(E9:E10) -> 0
A9: 1.1.1.1 | B9: 0,4 кВ и ниже
A10: 1.1.1.2 | B10: 1-20 кВ
A11: 1.1.2 | B11: Воздушные линии на деревянных опорах изолированным медным проводом сечением от 50 до 100 квадратных мм включительно на уровне напряжения: | D11: =SUM(D12:D13) -> 0 | E11: =SUM(E12:E13) -> 0
A12: 1.1.2.1 | B12: 0,4 кВ и ниже
A13: 1.1.2.2 | B13: 1-20 кВ
A14: 1.1.3 | B14: Воздушные линии на деревянных опорах изолированным медным проводом сечением от 100 до 200 квадратных мм включительно на уровне напряжения: | D14: =SUM(D15:D16) -> 0 | E14: =SUM(E15:E16) -> 0
A15: 1.1.3.1 | B15: 0,4 кВ и ниже
A16: 1.1.3.2 | B16: 1-20 кВ
A17: 1.1.4 | B17: Воздушные линии на деревянных опорах изолированным медным проводом сечением от 200 до 500 квадратных мм включительно на уровне напряжения: | D17: =SUM(D18:D19) -> 0 | E17: =SUM(E18:E19) -> 0
A18: 1.1.4.1 | B18: 0,4 кВ и ниже
A19: 1.1.4.2 | B19: 1-20 кВ
A20: 1.1.5 | B20: Воздушные линии на деревянных опорах изолированным медным проводом сечением от 500 до 800 квадратных мм включительно на уровне напряжения: | D20: =SUM(D21:D22) -> 0 | E20: =SUM(E21:E22) -> 0
A21: 1.1.5.1 | B21: 0,4 кВ и ниже
A22: 1.1.5.2 | B22: 1-20 кВ
A23: 1.1.6 | B23: Воздушные линии на деревянных опорах изолированным медным проводом сечением свыше 800 квадратных мм на уровне напряжения: | D23: =SUM(D24:D25) -> 0 | E23: =SUM(E24:E25) -> 0
A24: 1.1.6.1 | B24: 0,4 кВ и ниже
A25: 1.1.6.2 | B25: 1-20 кВ
A26: 1.2 | B26: Воздушные линии на деревянных опорах изолированным стальным проводом | D26: =D27+D30+D33+D36+D39+D42 -> 0 | E26: =E27+E30+E33+E36+E39+E42 -> 0
A27: 1.2.1 | B27: Воздушные линии на деревянных опорах изолированным стальным проводом сечением до 50 квадратных мм включительно на уровне напряжения: | D27: =SUM(D28:D29) -> 0 | E27: =SUM(E28:E29) -> 0
A28: 1.2.1.1 | B28: 0,4 кВ и ниже
A29: 1.2.1.2 | B29: 1-20 кВ
A30: 1.2.2 | B30: Воздушные линии на деревянных опорах изолированным стальным проводом сечением от 50 до 100 квадратных мм включительно на уровне напряжения: | D30: =SUM(D31:D32) -> 0 | E30: =SUM(E31:E32) -> 0
A31: 1.2.2.1 | B31: 0,4 кВ и ниже
A32: 1.2.2.2 | B32: 1-20 кВ
A33: 1.2.3 | B33: Воздушные линии на деревянных опорах изолированным стальным проводом сечением от 100 до 200 квадратных мм включительно на уровне напряжения: | D33: =SUM(D34:D35) -> 0 | E33: =SUM(E34:E35) -> 0
A34: 1.2.3.1 | B34: 0,4 кВ и ниже
A35: 1.2.3.2 | B35: 1-20 кВ
A36: 1.2.4 | B36: Воздушные линии на деревянных опорах изолированным стальным проводом сечением от 200 до 500 квадратных мм включительно на уровне напряжения: | D36: =SUM(D37:D38) -> 0 | E36: =SUM(E37:E38) -> 0
A37: 1.2.4.1 | B37: 0,4 кВ и ниже
A38: 1.2.4.2 | B38: 1-20 кВ
A39: 1.2.5 | B39: Воздушные линии на деревянных опорах изолированным стальным проводом сечением от 500 до 800 квадратных мм включительно на уровне напряжения: | D39: =SUM(D40:D41) -> 0 | E39: =SUM(E40:E41) -> 0
A40: 1.2.5.1 | B40: 0,4 кВ и ниже
A41: 1.2.5.2 | B41: 1-20 кВ
A42: 1.2.6 | B42: Воздушные линии на деревянных опорах изолированным стальным проводом сечением свыше 800 квадратных мм на уровне напряжения: | D42: =SUM(D43:D44) -> 0 | E42: =SUM(E43:E44) -> 0
A43: 1.2.6.1 | B43: 0,4 кВ и ниже
A44: 1.2.6.2 | B44: 1-20 кВ
A45: 1.3 | B45: Воздушные линии на деревянных опорах изолированным сталеалюминиевым проводом | D45: =D46+D49+D52+D55+D58+D61 -> 0 | E45: =E46+E49+E52+E55+E58+E61 -> 0
A46: 1.3.1 | B46: Воздушные линии на деревянных опорах изолированным сталеалюминиевым проводом сечением до 50 квадратных мм включительно на уровне напряжения: | D46: =SUM(D47:D48) -> 0 | E46: =SUM(E47:E48) -> 0
A47: 1.3.1.1 | B47: 0,4 кВ и ниже
A48: 1.3.1.2 | B48: 1-20 кВ
A49: 1.3.2 | B49: Воздушные линии на деревянных опорах изолированным сталеалюминиевым проводом сечением от 50 до 100 квадратных мм включительно на уровне напряжения: | D49: =SUM(D50:D51) -> 0 | E49: =SUM(E50:E51) -> 0
A50: 1.3.2.1 | B50: 0,4 кВ и ниже
A51: 1.3.2.2 | B51: 1-20 кВ
A52: 1.3.3 | B52: Воздушные линии на деревянных опорах изолированным сталеалюминиевым проводом сечением от 100 до 200 квадратных мм включительно на уровне напряжения: | D52: =SUM(D53:D54) -> 0 | E52: =SUM(E53:E54) -> 0
A53: 1.3.3.1 | B53: 0,4 кВ и ниже
A54: 1.3.3.2 | B54: 1-20 кВ
A55: 1.3.4 | B55: Воздушные линии на деревянных опорах изолированным сталеалюминиевым проводом сечением от 200 до 500 квадратных мм включительно на уровне напряжения: | D55: =SUM(D56:D57) -> 0 | E55: =SUM(E56:E57) -> 0
A56: 1.3.4.1 | B56: 0,4 кВ и ниже
A57: 1.3.4.2 | B57: 1-20 кВ
A58: 1.3.5 | B58: Воздушные линии на деревянных опорах изолированным сталеалюминиевым проводом сечением от 500 до 800 квадратных мм включительно на уровне напряжения: | D58: =SUM(D59:D60) -> 0 | E58: =SUM(E59:E60) -> 0
A59: 1.3.5.1 | B59: 0,4 кВ и ниже
A60: 1.3.5.2 | B60: 1-20 кВ
A61: 1.3.6 | B61: Воздушные линии на деревянных опорах изолированным сталеалюминиевым проводом сечением свыше 800 квадратных мм на уровне напряжения: | D61: =SUM(D62:D63) -> 0 | E61: =SUM(E62:E63) -> 0
A62: 1.3.6.1 | B62: 0,4 кВ и ниже
A63: 1.3.6.2 | B63: 1-20 кВ
A64: 1.4 | B64: Воздушные линии на деревянных опорах изолированным алюминиевым проводом | D64: =D65+D68+D71+D74+D77+D80 -> 0 | E64: =E65+E68+E71+E74+E77+E80 -> 0
A65: 1.4.1 | B65: Воздушные линии на деревянных опорах изолированным алюминиевым проводом сечением до 50 квадратных мм включительно на уровне напряжения: | D65: =SUM(D66:D67) -> 0 | E65: =SUM(E66:E67) -> 0
A66: 1.4.1.1 | B66: 0,4 кВ и ниже
A67: 1.4.1.2 | B67: 1-20 кВ
A68: 1.4.2 | B68: Воздушные линии на деревянных опорах изолированным алюминиевым проводом сечением от 50 до 100 квадратных мм включительно на уровне напряжения: | D68: =SUM(D69:D70) -> 0 | E68: =SUM(E69:E70) -> 0
A69: 1.4.2.1 | B69: 0,4 кВ и ниже
A70: 1.4.2.2 | B70: 1-20 кВ
A71: 1.4.3 | B71: Воздушные линии на деревянных опорах изолированным алюминиевым проводом сечением от 100 до 200 квадратных мм включительно на уровне напряжения: | D71: =SUM(D72:D73) -> 0 | E71: =SUM(E72:E73) -> 0
A72: 1.4.3.1 | B72: 0,4 кВ и ниже
A73: 1.4.3.2 | B73: 1-20 кВ
A74: 1.4.4 | B74: Воздушные линии на деревянных опорах изолированным алюминиевым проводом сечением от 200 до 500 квадратных мм включительно на уровне напряжения: | D74: =SUM(D75:D76) -> 0 | E74: =SUM(E75:E76) -> 0
A75: 1.4.4.1 | B75: 0,4 кВ и ниже
A76: 1.4.4.2 | B76: 1-20 кВ
A77: 1.4.5 | B77: Воздушные линии на деревянных опорах изолированным алюминиевым проводом сечением от 500 до 800 квадратных мм включительно на уровне напряжения: | D77: =SUM(D78:D79) -> 0 | E77: =SUM(E78:E79) -> 0
A78: 1.4.5.1 | B78: 0,4 кВ и ниже
A79: 1.4.5.2 | B79: 1-20 кВ
A80: 1.4.6 | B80: Воздушные линии на деревянных опорах изолированным алюминиевым проводом сечением свыше 800 квадратных мм на уровне напряжения: | D80: =SUM(D81:D82) -> 0 | E80: =SUM(E81:E82) -> 0
A81: 1.4.6.1 | B81: 0,4 кВ и ниже
A82: 1.4.6.2 | B82: 1-20 кВ
A83: 1.5 | B83: Воздушные линии на деревянных опорах неизолированным медным проводом | D83: =D84+D87+D90+D93+D96+D99 -> 0 | E83: =E84+E87+E90+E93+E96+E99 -> 0
A84: 1.5.1 | B84: Воздушные линии на деревянных опорах неизолированным медным проводом сечением до 50 квадратных мм включительно на уровне напряжения: | D84: =SUM(D85:D86) -> 0 | E84: =SUM(E85:E86) -> 0
A85: 1.5.1.1 | B85: 0,4 кВ и ниже
A86: 1.5.1.2 | B86: 1-20 кВ
A87: 1.5.2 | B87: Воздушные линии на деревянных опорах неизолированным медным проводом сечением от 50 до 100 квадратных мм включительно на уровне напряжения: | D87: =SUM(D88:D89) -> 0 | E87: =SUM(E88:E89) -> 0
A88: 1.5.2.1 | B88: 0,4 кВ и ниже
A89: 1.5.2.2 | B89: 1-20 кВ
A90: 1.5.3 | B90: Воздушные линии на деревянных опорах неизолированным медным проводом сечением от 100 до 200 квадратных мм включительно на уровне напряжения: | D90: =SUM(D91:D92) -> 0 | E90: =SUM(E91:E92) -> 0
A91: 1.5.3.1 | B91: 0,4 кВ и ниже
A92: 1.5.3.2 | B92: 1-20 кВ
A93: 1.5.4 | B93: Воздушные линии на деревянных опорах неизолированным медным проводом сечением от 200 до 500 квадратных мм включительно на уровне напряжения: | D93: =SUM(D94:D95) -> 0 | E93: =SUM(E94:E95) -> 0
A94: 1.5.4.1 | B94: 0,4 кВ и ниже
A95: 1.5.4.2 | B95: 1-20 кВ
A96: 1.5.5 | B96: Воздушные линии на деревянных опорах неизолированным медным проводом сечением от 500 до 800 квадратных мм включительно на уровне напряжения: | D96: =SUM(D97:D98) -> 0 | E96: =SUM(E97:E98) -> 0
A97: 1.5.5.1 | B97: 0,4 кВ и ниже
A98: 1.5.5.2 | B98: 1-20 кВ
A99: 1.5.6 | B99: Воздушные линии на деревянных опорах неизолированным медным проводом сечением свыше 800 квадратных мм на уровне напряжения: | D99: =SUM(D100:D101) -> 0 | E99: =SUM(E100:E101) -> 0
A100: 1.5.6.1 | B100: 0,4 кВ и ниже
...

Sheet Прил. № 5.2.3 не город (год-1)
A1: Приложение № 5.2.3 к Методическим указаниям по определению размера платы за технологическое присоединение к электрическим сетям
A2: Сведения о строительстве линий электропередачи, а также об обеспечении средствами коммерческого учета электрической энергии (мощности) при технологическом присоединении энергопринимающих устройств максимальной мощностью менее 670 кВт и на уровне напряжения 20 кВ и менее (заполняется для территорий, не относящихся к территориям городских населенных пунктов)
A3: № п/п | B3: Объект электросетевого хозяйства/Средство коммерческого учета электрической энергии (мощности) | C3: Год ввода объекта 2019
C4: уровень напряжения, кВ | D4: протяженность (для линий электропередачи), км. / количество (для средств коммерческого учета ээ), шт. | E4: максимальная мощность (менее 670 кВт), кВт
A5: 1 | B5: 2 | C5: 3 | D5: 4 | E5: 5
A6: 1 | B6: СТРОИТЕЛЬСТВО ВОЗДУШНЫХ ЛИНИЙ ЭЛЕКТРОПЕРЕДАЧИ | D6: =D7+D26+D45+D64+D83+D102+D121+D140+D159+D178+D197+D216+D235+D254+D273+D292+D311+D330+D349+D368+D387+D406+D425+D444 -> 0 | E6: =E7+E26+E45+E64+E83+E102+E121+E140+E159+E178+E197+E216+E235+E254+E273+E292+E311+E330+E349+E368+E387+E406+E425+E444 -> 0
A7: 1.1. | B7: Воздушные линии на деревянных опорах изолированным медным проводом | D7: =D8+D11+D14+D17+D20+D23 -> 0 | E7: =E8+E11+E14+E17+E20+E23 -> 0
A8: 1.1.1 | B8: Воздушные линии на деревянных опорах изолированным медным проводом сечением до 50 квадратных мм включительно на уровне напряжения: | D8: =SUM(D9:D10) -> 0 | E8: =SUM(E9:E10) -> 0
A9: 1.1.1.1 | B9: 0,4 кВ и ниже
A10: 1.1.1.2 | B10: 1-20 кВ
A11: 1.1.2 | B11: Воздушные линии на деревянных опорах изолированным медным проводом сечением от 50 до 100 квадратных мм включительно на уровне напряжения: | D11: =SUM(D12:D13) -> 0 | E11: =SUM(E12:E13) -> 0
A12: 1.1.2.1 | B12: 0,4 кВ и ниже
A13: 1.1.2.2 | B13: 1-20 кВ
A14: 1.1.3 | B14: Воздушные линии на деревянных опорах изолированным медным проводом сечением от 100 до 200 квадратных мм включительно на уровне напряжения: | D14: =SUM(D15:D16) -> 0 | E14: =SUM(E15:E16) -> 0
A15: 1.1.3.1 | B15: 0,4 кВ и ниже
A16: 1.1.3.2 | B16: 1-20 кВ
A17: 1.1.4 | B17: Воздушные линии на деревянных опорах изолированным медным проводом сечением от 200 до 500 квадратных мм включительно на уровне напряжения: | D17: =SUM(D18:D19) -> 0 | E17: =SUM(E18:E19) -> 0
A18: 1.1.4.1 | B18: 0,4 кВ и ниже
A19: 1.1.4.2 | B19: 1-20 кВ
A20: 1.1.5 | B20: Воздушные линии на деревянных опорах изолированным медным проводом сечением от 500 до 800 квадратных мм включительно на уровне напряжения: | D20: =SUM(D21:D22) -> 0 | E20: =SUM(E21:E22) -> 0
A21: 1.1.5.1 | B21: 0,4 кВ и ниже
A22: 1.1.5.2 | B22: 1-20 кВ
A23: 1.1.6 | B23: Воздушные линии на деревянных опорах изолированным медным проводом сечением свыше 800 квадратных мм на уровне напряжения: | D23: =SUM(D24:D25) -> 0 | E23: =SUM(E24:E25) -> 0
A24: 1.1.6.1 | B24: 0,4 кВ и ниже
A25: 1.1.6.2 | B25: 1-20 кВ
A26: 1.2 | B26: Воздушные линии на деревянных опорах изолированным стальным проводом | D26: =D27+D30+D33+D36+D39+D42 -> 0 | E26: =E27+E30+E33+E36+E39+E42 -> 0
A27: 1.2.1 | B27: Воздушные линии на деревянных опорах изолированным стальным проводом сечением до 50 квадратных мм включительно на уровне напряжения: | D27: =SUM(D28:D29) -> 0 | E27: =SUM(E28:E29) -> 0
A28: 1.2.1.1 | B28: 0,4 кВ и ниже
A29: 1.2.1.2 | B29: 1-20 кВ
A30: 1.2.2 | B30: Воздушные линии на деревянных опорах изолированным стальным проводом сечением от 50 до 100 квадратных мм включительно на уровне напряжения: | D30: =SUM(D31:D32) -> 0 | E30: =SUM(E31:E32) -> 0
A31: 1.2.2.1 | B31: 0,4 кВ и ниже
A32: 1.2.2.2 | B32: 1-20 кВ
A33: 1.2.3 | B33: Воздушные линии на деревянных опорах изолированным стальным проводом сечением от 100 до 200 квадратных мм включительно на уровне напряжения: | D33: =SUM(D34:D35) -> 0 | E33: =SUM(E34:E35) -> 0
A34: 1.2.3.1 | B34: 0,4 кВ и ниже
A35: 1.2.3.2 | B35: 1-20 кВ
A36: 1.2.4 | B36: Воздушные линии на деревянных опорах изолированным стальным проводом сечением от 200 до 500 квадратных мм включительно на уровне напряжения: | D36: =SUM(D37:D38) -> 0 | E36: =SUM(E37:E38) -> 0
A37: 1.2.4.1 | B37: 0,4 кВ и ниже
A38: 1.2.4.2 | B38: 1-20 кВ
A39: 1.2.5 | B39: Воздушные линии на деревянных опорах изолированным стальным проводом сечением от 500 до 800 квадратных мм включительно на уровне напряжения: | D39: =SUM(D40:D41) -> 0 | E39: =SUM(E40:E41) -> 0
A40: 1.2.5.1 | B40: 0,4 кВ и ниже
A41: 1.2.5.2 | B41: 1-20 кВ
A42: 1.2.6 | B42: Воздушные линии на деревянных опорах изолированным стальным проводом сечением свыше 800 квадратных мм на уровне напряжения: | D42: =SUM(D43:D44) -> 0 | E42: =SUM(E43:E44) -> 0
A43: 1.2.6.1 | B43: 0,4 кВ и ниже
A44: 1.2.6.2 | B44: 1-20 кВ
A45: 1.3 | B45: Воздушные линии на деревянных опорах изолированным сталеалюминиевым проводом | D45: =D46+D49+D52+D55+D58+D61 -> 0 | E45: =E46+E49+E52+E55+E58+E61 -> 0
A46: 1.3.1 | B46: Воздушные линии на деревянных опорах изолированным сталеалюминиевым проводом сечением до 50 квадратных мм включительно на уровне напряжения: | D46: =SUM(D47:D48) -> 0 | E46: =SUM(E47:E48) -> 0
A47: 1.3.1.1 | B47: 0,4 кВ и ниже
A48: 1.3.1.2 | B48: 1-20 кВ
A49: 1.3.2 | B49: Воздушные линии на деревянных опорах изолированным сталеалюминиевым проводом сечением от 50 до 100 квадратных мм включительно на уровне напряжения: | D49: =SUM(D50:D51) -> 0 | E49: =SUM(E50:E51) -> 0
A50: 1.3.2.1 | B50: 0,4 кВ и ниже
A51: 1.3.2.2 | B51: 1-20 кВ
A52: 1.3.3 | B52: Воздушные линии на деревянных опорах изолированным сталеалюминиевым проводом сечением от 100 до 200 квадратных мм включительно на уровне напряжения: | D52: =SUM(D53:D54) -> 0 | E52: =SUM(E53:E54) -> 0
A53: 1.3.3.1 | B53: 0,4 кВ и ниже
A54: 1.3.3.2 | B54: 1-20 кВ
A55: 1.3.4 | B55: Воздушные линии на деревянных опорах изолированным сталеалюминиевым проводом сечением от 200 до 500 квадратных мм включительно на уровне напряжения: | D55: =SUM(D56:D57) -> 0 | E55: =SUM(E56:E57) -> 0
A56: 1.3.4.1 | B56: 0,4 кВ и ниже
A57: 1.3.4.2 | B57: 1-20 кВ
A58: 1.3.5 | B58: Воздушные линии на деревянных опорах изолированным сталеалюминиевым проводом сечением от 500 до 800 квадратных мм включительно на уровне напряжения: | D58: =SUM(D59:D60) -> 0 | E58: =SUM(E59:E60) -> 0
A59: 1.3.5.1 | B59: 0,4 кВ и ниже
A60: 1.3.5.2 | B60: 1-20 кВ
A61: 1.3.6 | B61: Воздушные линии на деревянных опорах изолированным сталеалюминиевым проводом сечением свыше 800 квадратных мм на уровне напряжения: | D61: =SUM(D62:D63) -> 0 | E61: =SUM(E62:E63) -> 0
A62: 1.3.6.1 | B62: 0,4 кВ и ниже
A63: 1.3.6.2 | B63: 1-20 кВ
A64: 1.4 | B64: Воздушные линии на деревянных опорах изолированным алюминиевым проводом | D64: =D65+D68+D71+D74+D77+D80 -> 0 | E64: =E65+E68+E71+E74+E77+E80 -> 0
A65: 1.4.1 | B65: Воздушные линии на деревянных опорах изолированным алюминиевым проводом сечением до 50 квадратных мм включительно на уровне напряжения: | D65: =SUM(D66:D67) -> 0 | E65: =SUM(E66:E67) -> 0
A66: 1.4.1.1 | B66: 0,4 кВ и ниже
A67: 1.4.1.2 | B67: 1-20 кВ
A68: 1.4.2 | B68: Воздушные линии на деревянных опорах изолированным алюминиевым проводом сечением от 50 до 100 квадратных мм включительно на уровне напряжения: | D68: =SUM(D69:D70) -> 0 | E68: =SUM(E69:E70) -> 0
A69: 1.4.2.1 | B69: 0,4 кВ и ниже
A70: 1.4.2.2 | B70: 1-20 кВ
A71: 1.4.3 | B71: Воздушные линии на деревянных опорах изолированным алюминиевым проводом сечением от 100 до 200 квадратных мм включительно на уровне напряжения: | D71: =SUM(D72:D73) -> 0 | E71: =SUM(E72:E73) -> 0
A72: 1.4.3.1 | B72: 0,4 кВ и ниже
A73: 1.4.3.2 | B73: 1-20 кВ
A74: 1.4.4 | B74: Воздушные линии на деревянных опорах изолированным алюминиевым проводом сечением от 200 до 500 квадратных мм включительно на уровне напряжения: | D74: =SUM(D75:D76) -> 0 | E74: =SUM(E75:E76) -> 0
A75: 1.4.4.1 | B75: 0,4 кВ и ниже
A76: 1.4.4.2 | B76: 1-20 кВ
A77: 1.4.5 | B77: Воздушные линии на деревянных опорах изолированным алюминиевым проводом сечением от 500 до 800 квадратных мм включительно на уровне напряжения: | D77: =SUM(D78:D79) -> 0 | E77: =SUM(E78:E79) -> 0
A78: 1.4.5.1 | B78: 0,4 кВ и ниже
A79: 1.4.5.2 | B79: 1-20 кВ
A80: 1.4.6 | B80: Воздушные линии на деревянных опорах изолированным алюминиевым проводом сечением свыше 800 квадратных мм на уровне напряжения: | D80: =SUM(D81:D82) -> 0 | E80: =SUM(E81:E82) -> 0
A81: 1.4.6.1 | B81: 0,4 кВ и ниже
A82: 1.4.6.2 | B82: 1-20 кВ
A83: 1.5 | B83: Воздушные линии на деревянных опорах неизолированным медным проводом | D83: =D84+D87+D90+D93+D96+D99 -> 0 | E83: =E84+E87+E90+E93+E96+E99 -> 0
A84: 1.5.1 | B84: Воздушные линии на деревянных опорах неизолированным медным проводом сечением до 50 квадратных мм включительно на уровне напряжения: | D84: =SUM(D85:D86) -> 0 | E84: =SUM(E85:E86) -> 0
A85: 1.5.1.1 | B85: 0,4 кВ и ниже
A86: 1.5.1.2 | B86: 1-20 кВ
A87: 1.5.2 | B87: Воздушные линии на деревянных опорах неизолированным медным проводом сечением от 50 до 100 квадратных мм включительно на уровне напряжения: | D87: =SUM(D88:D89) -> 0 | E87: =SUM(E88:E89) -> 0
A88: 1.5.2.1 | B88: 0,4 кВ и ниже
A89: 1.5.2.2 | B89: 1-20 кВ
A90: 1.5.3 | B90: Воздушные линии на деревянных опорах неизолированным медным проводом сечением от 100 до 200 квадратных мм включительно на уровне напряжения: | D90: =SUM(D91:D92) -> 0 | E90: =SUM(E91:E92) -> 0
A91: 1.5.3.1 | B91: 0,4 кВ и ниже
A92: 1.5.3.2 | B92: 1-20 кВ
A93: 1.5.4 | B93: Воздушные линии на деревянных опорах неизолированным медным проводом сечением от 200 до 500 квадратных мм включительно на уровне напряжения: | D93: =SUM(D94:D95) -> 0 | E93: =SUM(E94:E95) -> 0
A94: 1.5.4.1 | B94: 0,4 кВ и ниже
A95: 1.5.4.2 | B95: 1-20 кВ
A96: 1.5.5 | B96: Воздушные линии на деревянных опорах неизолированным медным проводом сечением от 500 до 800 квадратных мм включительно на уровне напряжения: | D96: =SUM(D97:D98) -> 0 | E96: =SUM(E97:E98) -> 0
A97: 1.5.5.1 | B97: 0,4 кВ и ниже
A98: 1.5.5.2 | B98: 1-20 кВ
A99: 1.5.6 | B99: Воздушные линии на деревянных опорах неизолированным медным проводом сечением свыше 800 квадратных мм на уровне напряжения: | D99: =SUM(D100:D101) -> 0 | E99: =SUM(E100:E101) -> 0
A100: 1.5.6.1 | B100: 0,4 кВ и ниже
...
